 Dungeon Crawl Stone Soup version 0.31.0-32-g396128a36d (webtiles) character file.

Game seed: 5286249141463336353

1295590 Mattviviwu the Petrodigitator (level 27, -22/188 HPs)
             Began as a Gargoyle Earth Elementalist on Mar 10, 2024.
             Was the Champion of Vehumet.
             Killed by a royal mummy's death curse (26 damage)
             ... on level 2 of the Tomb of the Ancients on Mar 13, 2024.
             The game lasted 17:04:16 (154079 turns).

Mattviviwu the Petrodigitator (GrEE)              Turns: 154079, Time: 17:04:17

Health: -22/188    AC: 58    Str: 16      XL:     27
Magic:  50/50      EV: 14    Int: 40 (41) God:    Vehumet [******]
Gold:   11588      SH: 33    Dex: 10      Spells: 4/72 levels left

rFire   + + +        b - +3 Elemental Staff {ele, rElec rF+ rC+ AC+3}
rCold   + + +        X - +8 tower shield
rNeg    + + +        t - +8 fire dragon scales {Xtahua}
rPois   ∞            (helmet restricted)
rElec   +            G - +0 cloak of Agnosticism {Harm rC+++ Str-3 Stlth+}
rCorr   +            F - +2 pair of gloves {Dex+3}
SInv    .            D - +2 pair of boots {Stlth+}
Will    ++++.        i - amulet of Kulein {Reflect rC++ rN+ Int+4 SH+5}
Stlth   +++++++      z - ring "Uregumur" {rF+ Will+ Str+5 Int+6}
HPRegen 0.51/turn    p - ring "Qirumad" {rF+ rN+ Will+ rCorr}
MPRegen 0.32/turn

%: harm (+30% outgoing, +20% incoming), reflection
@: about to teleport, in a vortex, flying, slowed, studying Staves, very slow
A: sickness immunity, AC +20, big wings, negative energy resistance 1,
electricity resistance, torment resistance 1, petrification resistance, antennae
1, iridescent scales 1, clever 1, clumsy 1, sense surroundings 1, no potion heal
1
}: 14/15 runes: barnacled, slimy, silver, iron, obsidian, icy, bone, abyssal,
demonic, glowing, magical, fiery, dark, gossamer
a: Renounce Religion


You were on level 2 of the Tomb of the Ancients.
You worshipped Vehumet.
Vehumet was exalted by your worship.
You visited 18 branches of the dungeon, and saw 87 of its levels.
You visited Pandemonium 2 times, and saw 17 of its levels.
You visited the Abyss 1 time.
You also visited: Trove and Gauntlet.

You collected 17449 gold pieces.
You spent 5861 gold pieces at shops.

Inventory:

Hand Weapons
 a - a +9 demon whip of electrocution
 b - the +3 Elemental Staff (weapon) {ele, rElec rF+ rC+ AC+3}
   (You found it on level 7 of Gehenna)

   AC+3:      It affects your AC (+3).
   rF+:       It protects you from fire.
   rC+:       It protects you from cold.
   rElec:     It insulates you from electricity.
Missiles
 g - 12 silver javelins
 J - 6 throwing nets
Armour
 t - +8 fire dragon scales (worn) {Xtahua}
 D - a +2 pair of boots of stealth (worn)
 F - a +2 pair of gloves of dexterity (worn)
 G - the +0 cloak of Agnosticism (worn) {Harm rC+++ Str-3 Stlth+}
   (You found it on level 3 of the Elven Halls)

   Str-3:     It affects your strength (-3).
   rC+++:     It renders you almost immune to cold.
   Harm:      It increases damage dealt and taken.
   Stlth+:    It makes you more stealthy.
 X - a +8 tower shield (worn)
Jewellery
 c - the ring "Gangas" {rCorr Int+6}
   (You took it off a deep elf blademaster on level 3 of the Elven Halls)

   [ring of intelligence]

   Int+6:     It affects your intelligence (+6).
   rCorr:     It protects you from acid and corrosion.
 i - the amulet of Kulein (around neck) {Reflect rC++ rN+ Int+4 SH+5}
   (You found it in a treasure trove)

   [amulet of reflection]

   Reflect:   It reflects blocked missile attacks.
   Int+4:     It affects your intelligence (+4).
   rC++:      It greatly protects you from cold.
   rN+:       It protects you from negative energy.
   SH+5:      It affects your SH (+5).
 n - the ring of Jukets {^Drain +Blink rCorr Str+2 SInv}
   (You found it in a treasure trove)

   [ring of resist corrosion]

   Str+2:     It affects your strength (+2).
   SInv:      It lets you see invisible.
   +Blink:    It lets you blink.
   rCorr:     It protects you from acid and corrosion.
   ^Drain:    It drains your maximum health when unequipped.
 p - the ring "Qirumad" (right hand) {rF+ rN+ Will+ rCorr}
   (You found it on level 3 of the Crypt)

   [ring of positive energy]

   rF+:       It protects you from fire.
   rN+:       It protects you from negative energy.
   Will+:     It increases your willpower.
   rCorr:     It protects you from acid and corrosion.
 u - the ring of the Death Scarab {rElec rF+ Will+ Slay-3 SInv}
   (You acquired it in Pandemonium)

   [ring of see invisible]

   Slay-3:    It affects your accuracy & damage with ranged weapons and melee
   (-3).
   rF+:       It protects you from fire.
   rElec:     It insulates you from electricity.
   Will+:     It increases your willpower.
   SInv:      It lets you see invisible.
 z - the ring "Uregumur" (left hand) {rF+ Will+ Str+5 Int+6}
   (You found it in a Gauntlet)

   [ring of intelligence]

   Str+5:     It affects your strength (+5).
   Int+6:     It affects your intelligence (+6).
   rF+:       It protects you from fire.
   Will+:     It increases your willpower.
 L - a ring of protection from cold
 V - a ring of positive energy
Wands
 d - a wand of mindburst (75)
 w - a wand of roots (88)
 O - a wand of paralysis (100)
 P - a wand of digging (34)
 U - a wand of quicksilver (50)
Scrolls
 e - 15 scrolls of immolation
 h - 9 scrolls of poison
 l - 3 scrolls of amnesia
 q - 15 scrolls of fog
 r - 14 scrolls of revelation
 s - 21 scrolls of teleportation
 y - 7 scrolls of butterflies
 B - 6 scrolls of blinking
 C - 10 scrolls of fear
 M - 13 scrolls of vulnerability
 S - 5 scrolls of torment
 T - 5 scrolls of silence
Potions
 f - 21 potions of curing
 j - 11 potions of haste
 k - 19 potions of heal wounds
 m - 7 potions of invisibility
 o - 9 potions of ambrosia
 A - 8 potions of brilliance
 E - 18 potions of might
 H - 3 potions of mutation
 I - 4 potions of resistance
 K - 11 potions of magic
 R - a potion of berserk rage
 W - 11 potions of cancellation
Miscellaneous
 v - a phantom mirror
 x - a box of beasts
 N - the horn of Geryon
 Q - a lightning rod (4/4) (quivered)
 Y - a phial of floods
 Z - a condenser vane


   Skills:
 - Level 23.0 Fighting
 - Level 9.6(12.0) Maces & Flails
 - Level 11.4(12.9) Staves
 - Level 14.0 Throwing
 - Level 20.0 Armour
 - Level 17.0 Dodging
 + Level 19.3 Stealth
 - Level 21.0 Shields
 - Level 23.0 Spellcasting
 + Level 23.2 Conjurations
 - Level 8.0 Hexes
 - Level 12.0 Summonings
 - Level 4.0 Translocations
 + Level 11.6 Fire Magic
 O Level 27 Ice Magic
 - Level 5.0 Air Magic
 O Level 27 Earth Magic
 - Level 8.0 Alchemy
 - Level 18.0 Evocations


You had 4 spell levels left.
You knew the following spells:

 Your Spells              Type           Power      Damage    Failure   Level
a - Bombard               Conj/Erth      76%        9d12      0%          6
b - Sandblast             Erth           100%       2d20      0%          1
c - Lee's Rapid Deconstr  Erth           78%        3d35*     0%          5
d - Shatter               Erth           78%        3d57*     1%          9
e - Freezing Cloud        Conj/Ice/Air   81%        6-21      1%          5
f - Polar Vortex          Ice            78%        12d10*    1%          9
g - Iskenderun's Mystic   Conj/Tloc      100%       2d19      1%          4
h - Starburst             Conj/Fire      67%        6d18      1%          6
i - Plasma Beam           Fire/Air       65%        2x1d81    3%          6
j - Yara's Violent Unrav  Hex/Alch       41%        3d16      1%          5
k - Blink                 Tloc           100%       N/A       1%          2
l - Spellforged Servitor  Conj/Summ      56%        N/A       1%          7
o - Passwall              Erth           100%       N/A       0%          3

Your spell library contained the following spells:

 Spells                   Type           Power      Damage    Failure   Level
 Foxfire                  Conj/Fire      100%       2x1d9     0%          1
 Freeze                   Ice            100%       1d10      0%          1
 Kiss of Death            Conj/Necr      100%       2d13      0%          1
 Magic Dart               Conj           100%       1d8       0%          1
 Shock                    Conj/Air       100%       1d9       0%          1
 Sting                    Conj/Alch      100%       1d9       0%          1
 Summon Small Mammal      Summ           100%       N/A       0%          1
 Ensorcelled Hibernation  Hex/Ice        100%       N/A       0%          2
 Momentum Strike          Conj/Tloc      100%       3d10      0%          2
 Searing Ray              Conj           100%       2d8       0%          2
 Static Discharge         Conj/Air       100%       3-8/arc   0%          2
 Dazzling Flash           Conj/Hex       100%       N/A       0%          3
 Frozen Ramparts          Ice            100%       1d16      0%          3
 Hailstorm                Conj/Ice       100%       3d16      0%          3
 Ozocubu's Armour         Ice            100%       N/A       0%          3
 Stone Arrow              Conj/Erth      100%       3d13      0%          3
 Summon Ice Beast         Ice/Summ       100%       N/A       0%          3
 Animate Armour           Summ/Erth      100%       N/A       0%          4
 Brom's Barrelling Bould  Conj/Erth      100%       2d11      0%          4
 Flame Wave               Conj/Fire      100%       2d21      0%          4
 Leda's Liquefaction      Alch/Erth      67%        N/A       0%          4
 Petrify                  Alch/Erth      100%       N/A       0%          4
 Apportation              Tloc           100%       N/A       1%          1
 Necrotise                Necr           100%       1d9       1%          1
 Slow                     Hex            100%       N/A       1%          1
 Call Imp                 Summ           100%       N/A       1%          2
 Jinxbite                 Hex            100%       N/A       1%          2
 Lesser Beckoning         Tloc           100%       N/A       1%          2
 Mercury Vapours          Alch/Air       100%       N/A       1%          2
 Scorch                   Fire           100%       2d9       1%          2
 Call Canine Familiar     Summ           97%        N/A       1%          3
 Confusing Touch          Hex            83%        N/A       1%          3
 Inner Flame              Hex/Fire       100%       N/A       1%          3
 Mephitic Cloud           Conj/Alch/Air  100%       N/A       1%          3
 Sigil of Binding         Hex            83%        N/A       1%          3
 Swiftness                Air            91%        N/A       1%          3
 Tukima's Dance           Hex            83%        N/A       1%          3
 Volatile Blastmotes      Fire/Tloc      100%       2d18      1%          3
 Airstrike                Air            45%        2d(7-23)  1%          4
 Cause Fear               Hex            41%        N/A       1%          4
 Dimensional Bullseye     Hex/Tloc       38%        N/A       1%          4
 Fulminant Prism          Conj/Alch      53%        3d22      1%          4
 Ignite Poison            Fire/Alch      100%       N/A       1%          4
 Olgreb's Toxic Radiance  Alch           83%        N/A       1%          4
 Sticky Flame             Fire/Alch      100%       2d15      1%          4
 Summon Lightning Spire   Summ/Air       100%       N/A       1%          4
 Vhi's Electric Charge    Tloc/Air       100%       N/A       3%          4
 Anguish                  Hex/Necr       33%        N/A       4%          4
 Manifold Assault         Tloc           67%        N/A       4%          4
 Passage of Golubria      Tloc           67%        N/A       4%          4
 Fugue of the Fallen      Necr           46%        N/A       6%          3
 Vampiric Draining        Necr           46%        2d9       6%          3
 Animate Dead             Necr           46%        N/A       21%         4
 Dispel Undead            Necr           46%        3d18      21%         4
 Iskenderun's Battlesphe  Conj           100%       2d15      0%          5
 Borgnjor's Vile Clutch   Necr/Erth      62%        N/A       1%          5
 Fireball                 Conj/Fire      67%        3d25      1%          5
 Irradiate                Conj/Alch      53%        3d29      1%          5
 Metabolic Englaciation   Hex/Ice        67%        N/A       1%          5
 Summon Mana Viper        Hex/Summ       90%        N/A       1%          5
 Conjure Ball Lightning   Conj/Air       63%        3x3d23    1%          6
 Sculpt Simulacrum        Ice/Alch       67%        N/A       1%          6
 Ozocubu's Refrigeration  Ice            78%        4d24      1%          7
 Lehudib's Crystal Spear  Conj/Erth      76%        10d17     1%          8
 Alistair's Intoxication  Alch           55%        N/A       2%          5
 Summon Forest            Summ/Tloc      41%        N/A       2%          5
 Summon Cactus Giant      Summ           48%        N/A       2%          6
 Eringya's Noxious Bog    Alch           41%        4d6       3%          6
 Silence                  Hex/Air        49%        N/A       4%          5
 Monstrous Menagerie      Summ           48%        N/A       13%         7
 Summon Hydra             Summ           48%        N/A       13%         7
 Ignition                 Fire           59%        3d16      28%         8
 Fire Storm               Conj/Fire      67%        8d17      38%         9
 Curse of Agony           Necr           46%        N/A       50%         5
 Dispersal                Tloc           33%        N/A       52%         6
 Enfeeble                 Hex            41%        N/A       54%         7
 Chain Lightning          Conj/Air       63%        3d84      82%         9
 Haunt                    Necr/Summ      38%        N/A       83%         7
 Death Channel            Necr           23%        N/A       97%         6
 Maxwell's Capacitive Co  Air            45%        ∞         98%         8
 Discord                  Hex            41%        N/A       99%         8
 Disjunction              Tloc           33%        N/A       100%        8
 Infestation              Necr           23%        N/A       100%        8
 Death's Door             Necr           23%        N/A       100%        9
 Dragon's Call            Summ           48%        N/A       100%        9
 Sublimation of Blood     Necr           Unusable   N/A       N/A         2

Dungeon Overview and Level Annotations

Branches:
Dungeon (15/15)            Temple (1/1) D:7            Lair (5/5) D:10
 Shoals (4/4) Lair:3       Spider (4/4) Lair:2        Slime (5/5) Lair:4
    Orc (2/2) D:11            Elf (3/3) Orc:2        Vaults (5/5) D:13
  Crypt (3/3) Vaults:3       Tomb (2/3) Crypt:3      Depths (4/4) D:15
   Hell (visited)             Dis (7/7) Hell            Geh (7/7) Hell
    Coc (7/7) Hell            Tar (7/7) Hell            Zot (5/5) Depths:4
Gauntlet (visited)

Altars:
Ashenzari
Cheibriados
Dithmenos
Elyvilon
Fedhas
Gozag
Hepliaklqana
Kikubaaqudgha
Makhleb
Nemelex Xobeh
Okawaru
Qazlal
Ru
Sif Muna
Trog
Uskayaw
Vehumet
Wu Jian
Xom
Yredelemnul
Zin
The Shining One
Jiyva

Shops:
D:1 :([   D:10 **   D:13 *:=   Orc:1 :   Orc:2 [(*=   Elf:1 (

Portals:
Hell: Depths:1 Depths:2 Depths:3 Depths:4
Abyss: Depths:3 Depths:4
Pandemonium: Depths:2 Depths:3
Ziggurat: Depths:1

Annotations:
Vaults:1 2 transporters


Innate Abilities, Weirdness & Mutations

You are immune to sickness and miasma.
Your stone body is resilient. (AC +20)
You are immune to poison.
Your large and strong wings let you fly.
You resist negative energy. (rN+)
You are resistant to electric shocks. (rElec)
You are resistant to unholy torment.
You are immune to petrification.
You have a pair of small antennae on your head.
You are partially covered in iridescent scales. (AC +2)
Your mind is acute. (Int +4, Str/Dex -1)
You are clumsy. (Dex -2)
You passively map a small area around you.
Potions are less effective at restoring your health.


Message History

The royal mummy casts a spell.
A mummy priest comes into view.
A guardian mummy comes into view.
You feel your intelligence returning.
Unknown command.
Casting: Shatter (dangerous; 1% risk of failure)
Confirm with . or Enter, or press ? or * to list all spells.
You feel a surge of power!
The dungeon rumbles!
You destroy the death scarab!
The death scarab's corpse disappears in a puff of smoke!
You destroy the death scarab!
The death scarab's corpse disappears in a puff of smoke!
You destroy the death scarab!
The death scarab's corpse disappears in a puff of smoke!
You destroy the royal mummy!
Vehumet accepts your kill.
You feel your power returning.
You destroy the royal mummy!
Vehumet accepts your kill.
You feel your power returning.
You destroy the mummy!
Vehumet accepts your kill.
You feel your power returning.
You destroy the guardian mummy!
Vehumet accepts your kill.
You feel your power returning.
You destroy the mummy priest!
Vehumet accepts your kill.
Ka-crash!
You feel extremely nervous for a moment...
You are engulfed in negative energy!
You resist.
You feel extremely nervous for a moment...
Pain shoots through your body!!
* * * LOW HITPOINT WARNING * * *
You feel extremely nervous for a moment...
Pain shoots through your body!
* * * LOW HITPOINT WARNING * * *
You feel extremely nervous for a moment...
Pain shoots through your body!!
You die...

,, , , , , , ..,
#........ #.. .
.... .... ,
#...#.##.§§§§§.#
,
...§#§#..§#§§§(#
, ,
...§§§§§§§§§§§..
...§§§§§§§§§§§..
,
...§§§§§§§§§§§..
...§§§§§@§§§§§..
...§§§§§§§§§§§..
, , ,
...§§§§§§§§§§§..
...§§§§§§§§§§§..
,
...§§§§§§§§§§§..
*
...§§§§§§§§§§§..
, ,
^^.....#.#......
*#...#####.....#.
, , #.., ..#


There were no monsters in sight!

Vanquished Creatures
  Cerebov (Pan)
  the Royal Jelly (Slime:5)
  Gloorx Vloq (Pan)
  Asmodeus (Geh:7)
  Ereshkigal (Tar:7)
  9 pandemonium lords (Pan)
  Lom Lobon (Pan)
  Mnoleg (Pan)
  Dispater (Dis:7)
  4 dread liches
  2 orbs of fire (Zot:5)
  9 ancient liches
  Mara (Depths:2)
  2 juggernauts
  Sojobo (Vaults:2)
  Vv (Depths:2)
  Josephina (Depths:2)
  The ghost of MackTheFife the End of an Era, a veteran HOGl of Qazlal (Vaults:1)
  15 royal mummies
  Bai Suzhen (Shoals:3)
  2 Killer Klowns (Zot:5)
  Margery (Crypt:1)
  16 shard shrikes
  Geryon (Hell)
  A curse toe (Zot:2)
  18 caustic shrikes
  Nikola (Vaults:1)
  8 golden dragons
  18 bone dragons
  8 profane servitors
  A shard shrike zombie (Crypt:3)
  An electric golem (Zot:5)
  31 Brimstone Fiends
  11 doom hounds
  Rupert (D:12)
  The ghost of Muvus the Executioner, an adept DsFi of Uskayaw (D:13)
  8 iron giants
  20 tentacled monstrosities
  17 Hell Sentinels
  20 Tzitzimimeh
  9 hellephants
  11 tainted leviathans
  2 spectral shard shrikes
  8 liches
  39 Ice Fiends
  21 Orb Guardians (Zot:5)
  Asterion (Vaults:2)
  A shard shrike skeleton (Hell)
  14 titans
  4 deep elf blademasters (Elf:3)
  8 quicksilver dragons
  21 searing wretches
  15 acid blobs
  23 ancient champions
  The ghost of Laryos the Eclecticist, an adept DrIE of Qazlal (Elf:3)
  2 deep elf master archers (Elf:3)
  13 sphinxes
  Frances (D:13)
  35 Executioners (Pan)
  3 tentacled starspawn (Abyss:2)
  3 krakens (Shoals:4)
  12 death cobs
  Kirke (D:14)
  2 eldritch tentacles
  9 tengu reavers
  16 azure jellies
  Aizul (Vaults:1)
  5 revenants
  4 fenstrider witches (Pan)
  5 nagarajas
  9 shadow dragons
  21 storm dragons
  Donald (Spider:1)
  11 protean progenitors
  2 draconian monks (Zot:3)
  2 draconian knights (Zot:3)
  16 rockslimes
  11 demonspawn warmongers (Pan)
  2 iron dragons
  14 narguns
  19 vault wardens
  3 spectral caustic shrikes
  5 emperor scorpions
  22 quicksilver elementals
  46 balrugs
  2 draconian scorchers
  4 deep elf sorcerers
  24 cacodemons (Pan)
  23 fire giants
  5 ghost moths
  2 draconian shifters (Zot:2)
  13 frost giants
  3 spectral juggernauts
  67 reapers
  5 ghouls
  A draconian stormcaller (Zot:2)
  20 ironbound preservers
  13 draconian annihilators
  5 curse skulls
  7 orc warlords
  10 shard shrike simulacra
  3 deep elf elementalists (Elf:3)
  3 demonspawn corrupters (Pan)
  10 stone giants
  19 demonspawn blood saints (Pan)
  A caustic shrike zombie (Abyss:2)
  5 formless jellyfish
  5 caustic shrike skeletons
  8 quicksilver oozes
  24 very ugly things
  29 elemental wellsprings
  A spriggan defender (Depths:4)
  8 juggernaut skeletons
  3 broodmothers
  14 ironbound thunderhulks
  A deep elf demonologist (Elf:3)
  Nessos (D:13)
  13 deep elf death magi
  10 black draconians
  8 green draconians
  3 vampire knights
  8 purple draconians
  27 putrid mouths
  13 white draconians
  23 wendigos
  4 spectral titans
  14 demonspawn black suns (Pan)
  13 dire elephants
  4 bennus (Tomb:2)
  12 deep elf annihilators
  33 war gargoyles
  5 lorocyprocas
  9 spark wasps
  9 yellow draconians
  5 red draconians
  11 eidola
  26 iron golems
  7 crystal guardians
  Snorg (Lair:3)
  6 spectral quicksilver dragons
  8 ettins
  31 blizzard demons
  A merfolk javelineer (Shoals:4)
  10 merfolk impalers
  28 green deaths (Pan)
  3 jiangshi (Crypt:1)
  8 fire dragons
  6 entropy weavers
  9 yaktaur captains
  A spriggan zombie (Crypt:2)
  5 deep elf high priests
  13 mummy priests
  5 hell beasts (Pan)
  12 great orbs of eyes
  2 hydras
  10 rakshasas
  30 vault guards
  3 spectral spriggans
  4 ice dragons
  6 caustic shrike simulacra
  A spectral shadow dragon (Crypt:3)
  5 spriggan air magi
  A fenstrider witch zombie (Hell)
  16 centaur warriors
  The ghost of jkubb29 the Lord of Darkness, a journeyman DsNe of Kikubaaqudgha (D:10)
  3 alligators
  4 juggernaut simulacra
  2 spectral stone giants
  2 ogre magi (Vaults:5)
  7 two-headed ogres
  3 jorogumos
  14 salamander tyrants
  Erolcha (D:13)
  A catoblepas (D:11)
  8 boulder beetles
  5 peacekeepers
  3 satyrs
  10 stokers
  4 radroaches
  10 ironbound frosthearts
  6 death yaks (Lair:3)
  8 deep troll shamans
  A fenstrider witch skeleton (Tomb:1)
  An anaconda (Pan)
  31 dancing weapons
  2 two-headed ogres (shapeshifter) (Vaults:5)
  9 merfolk aquamancers
  A sphinx skeleton (Crypt:2)
  3 merfolk avatars
  10 deep troll earth magi
  7 orc high priests
  3 tengu warriors
  7 occultists
  36 demonic crawlers
  A spectral dire elephant (Geh:6)
  23 hell hogs
  2 spectral storm dragons
  A shock serpent (shapeshifter) (Vaults:5)
  59 soul eaters
  8 spriggan berserkers
  5 vampire magi
  5 hellephant skeletons (Pan)
  2 storm dragon zombies
  130 sun demons
  22 hell knights
  6 spriggans
  A thrashing horror (Abyss:3)
  An emperor scorpion zombie (Hell)
  9 deep elf knights
  10 crystal echidnas
  5 pharaoh ants
  6 skysharks
  Nergalle (Lair:1)
  A titan skeleton (Tomb:1)
  A wretched star (Abyss:2)
  38 shadow wraiths
  Amaemon (Lair:1)
  41 sixfirhies (Pan)
  5 quicksilver dragon simulacra
  10 iron trolls
  3 spectral bunyips (Crypt:3)
  A sea snake (shapeshifter) (Vaults:2)
  13 skeletal warriors
  4 spectral anacondas
  2 storm dragon skeletons
  A death drake (shapeshifter) (Elf:1)
  9 flayed ghosts
  5 sea snakes
  9 orb spiders
  2 spriggan druids (Depths:4)
  A swamp dragon (Lair:5)
  37 shadow demons
  64 deep trolls
  An arcanist (Vaults:1)
  6 glowing orange brains
  A mana viper (shapeshifter) (Vaults:5)
  15 sun moths
  An orange crystal statue (Hell)
  A spriggan simulacrum (Coc:6)
  2 spectral iron dragons
  10 deep elf archers
  A steelbarb worm (shapeshifter) (Elf:1)
  Pikel (D:7)
  A fenstrider witch simulacrum (Coc:1)
  6 bog bodies
  3 starcursed masses (Abyss:3)
  24 wolf spiders
  21 ironbound convokers
  8 harpies
  5 spectral wolf spiders (Spider:1)
  4 wolf spider zombies (Spider:1)
  16 lindwurms
  5 steelbarb worms
  A frost giant zombie (Crypt:1)
  10 phantasmal warriors
  16 orc knights
  6 shining eyes
  An anaconda skeleton (Hell)
  27 deep elf zephyrmancers
  12 necromancers
  14 deep elf pyromancers
  A harpy (shapeshifter) (Elf:1)
  29 ugly things
  A faun (shapeshifter) (Vaults:5)
  A manticore (shapeshifter) (Elf:1)
  2 alligator skeletons
  A sphinx simulacrum (Depths:2)
  A salamander (shapeshifter) (Vaults:4)
  10 orc sorcerers
  5 cyclopes
  A fire giant zombie (Depths:1)
  A spectral ettin (Tar:1)
  16 fauns
  A frost giant skeleton (Depths:1)
  25 manticores
  2 dire elephant zombies
  11 elephants
  6 water nymphs
  A salamander (Depths:4)
  7 meliai
  3 rust devils (Pan)
  4 torpor snails
  2 spectral centaurs
  36 moths of wrath
  2 kobold blastminers (Orc:2)
  22 vault sentinels
  27 orange demons
  6 titan simulacra
  8 eyes of devastation
  73 smoke demons
  2 black mambas
  16 cane toads
  Joseph (D:7)
  9 merfolk sirens
  2 ice statues (Coc:7)
  13 molten gargoyles
  A yaktaur zombie (Vaults:1)
  3 cane toads (shapeshifter)
  57 hellions
  5 rime drakes
  60 large abominations
  A dire elephant skeleton (Hell)
  A shock serpent skeleton (Crypt:2)
  6 unseen horrors
  A yellow draconian zombie (Crypt:1)
  3 sea snake zombies (Hell)
  16 efreet
  32 yaktaurs
  5 bunyip simulacra
  3 ice devils (Pan)
  A sea snake skeleton (Hell)
  6 tengu conjurers
  25 tormentors
  7 anaconda simulacra
  11 guardian mummies
  2 golden dragon simulacra
  2 spectral nagas
  19 freezing wraiths
  2 kobold demonologists
  An ancient zyme (Abyss:2)
  8 komodo dragons
  8 red devils
  A spectral demonspawn (Crypt:3)
  5 trolls
  6 spectral harpies
  A troll (shapeshifter) (Elf:1)
  2 iron giant simulacra
  30 merfolk
  A silent spectre (Tar:3)
  A hydra zombie (Hell)
  47 hellwings (Pan)
  11 polar bears
  A tengu simulacrum (Depths:2)
  A queen bee (D:13)
  5 wolf spider simulacra (Spider:1)
  A jumping spider zombie (Crypt:3)
  A harpy skeleton (Hell)
  7 hornets
  5 wind drakes
  5 glass eyes
  13 snapping turtles
  21 tarantellas
  A hornet (shapeshifter) (D:10)
  A raiju (shapeshifter) (Elf:2)
  A tarantella (shapeshifter) (Elf:3)
  24 blink frogs
  4 dream sheep
  A meliai zombie (Crypt:3)
  7 raiju
  A blink frog (shapeshifter) (Elf:1)
  2 ice dragon zombies
  2 snapping turtles (shapeshifter)
  3 stone giant simulacra
  An ettin zombie (Crypt:2)
  2 fire dragon zombies
  4 iron dragon simulacra
  80 slime creatures
  A jumping spider (shapeshifter) (Elf:1)
  20 jumping spiders
  A centaur simulacrum (Crypt:3)
  A black mamba skeleton (Hell)
  10 shadows
  A guardian serpent skeleton (Crypt:2)
  2 naga simulacra
  3 wraiths
  3 wyverns
  A culicivora (shapeshifter) (Vaults:5)
  An air elemental (Elf:3)
  57 yaks
  20 culicivoras
  65 ynoxinuls (Pan)
  2 vampires
  26 water elementals
  7 dire elephant simulacra
  A golden eye (shapeshifter) (Elf:1)
  A hog (D:14)
  A slime creature zombie (Crypt:2)
  8 wargs
  2 wyverns (shapeshifter)
  3 fire elementals
  3 fire bats (Pan)
  3 golden eyes
  2 ushabtiu
  36 neqoxecs
  Eustachio (D:6)
  2 steam dragons
  8 basilisks
  59 chaos spawn (Pan)
  5 vampire mosquitoes (Lair:5)
  44 redbacks
  3 naga zombies
  16 harpy simulacra
  A cane toad zombie (Crypt:2)
  4 hydra simulacra
  A swamp worm (shapeshifter) (Vaults:5)
  An acid dragon (D:7)
  12 water moccasins
  Duvessa (D:7)
  12 hell hounds (Lair:5)
  32 orc warriors
  3 sky beasts
  A swamp dragon zombie (Crypt:2)
  An ice beast (D:8)
  2 swamp drakes (Lair:5)
  13 black bears
  14 laughing skulls
  A crocodile (shapeshifter) (D:10)
  9 ettin simulacra
  20 wolves
  8 ogres
  A boggart (Vaults:1)
  7 centaurs
  2 phantoms
  3 kobold brigands
  A nameless horror (Tar:3)
  Blork the orc (D:6)
  7 bullfrogs
  An elf skeleton (Crypt:3)
  A human simulacrum (Vaults:1)
  A necrophage (Crypt:2)
  A gnoll sergeant (D:10)
  8 scorpions
  An earth elemental (Elf:3)
  A scorpion (shapeshifter) (D:10)
  A burial acolyte (D:6)
  Dowan (D:7)
  A swamp dragon simulacrum (Coc:1)
  26 killer bees
  A yak skeleton (Crypt:1)
  3 bombardier beetles
  8 electric eels
  5 howler monkeys
  21 orc priests
  5 hounds
  3 gnoll boudas
  A human zombie (Crypt:3)
  An iguana (D:5)
  A sleepcap (D:5)
  22 orc wizards
  10 hell rats
  A sky beast zombie (Crypt:2)
  A hound zombie (D:6)
  12 mummies
  A howler monkey zombie (Crypt:1)
  4 adders
  19 gnolls
  A howler monkey skeleton (Crypt:1)
  2 shadow imps (D:6)
  5 white imps
  An ufetubus (Abyss:2)
  2 adder zombies (D:6)
  5 dart slugs
  2 ribbon worms
  68 orcs
  4 bats
  4 endoplasms
  4 giant cockroaches
  3 gnoll zombies (D:6)
  10 goblins
  12 hobgoblins
  5 jackals (D:2)
  19 kobolds
  6 quokkas
  8 ball pythons
  3 frilled lizards
  A gnoll skeleton (Crypt:1)
  A kobold skeleton (Crypt:2)
  A kobold zombie (D:6)
  4 rats
  13 aspiring fleshes
  11 creeping infernos
  14 fire vortices
  A starspawn tentacle (Abyss:2)
4384 creatures vanquished.

Vanquished Creatures (collateral kills)
  Antaeus (Coc:7)
  A dread lich (Zot:5)
  An orb of fire (Zot:5)
  Xtahua (Vaults:3)
  3 royal mummies (Tomb:1)
  A shard shrike (Coc:7)
  A Killer Klown (Zot:5)
  2 bone dragons
  A profane servitor (Tar:7)
  An electric golem (Zot:5)
  2 pandemonium lords (Pan)
  An iron giant (Dis:7)
  5 hellephants
  Jorgrun (D:15)
  A tentacled monstrosity (Pan)
  3 Ice Fiends (Coc:7)
  3 Hell Sentinels
  3 tainted leviathans (Tar:7)
  4 Orb Guardians (Zot:5)
  4 titans (Coc:7)
  3 searing wretches
  3 acid blobs
  2 Executioners (Pan)
  2 rockslimes (Slime:5)
  5 demonspawn warmongers (Pan)
  3 narguns
  A fire giant (Geh:4)
  3 balrugs
  A frost giant (Coc:4)
  2 quicksilver elementals
  A spectral caustic shrike (Tar:4)
  4 cacodemons (Pan)
  A shard shrike simulacrum (Coc:2)
  3 reapers (Pan)
  A demonspawn corrupter (Pan)
  A formless jellyfish (Slime:5)
  A demonspawn blood saint (Pan)
  2 elemental wellsprings
  A deep elf demonologist (Pan)
  A yellow draconian (Zot:2)
  3 demonspawn black suns (Pan)
  A red draconian (Zot:1)
  A wendigo (Coc:6)
  4 war gargoyles (Dis:7)
  A purple draconian (Zot:2)
  A blizzard demon (Pan)
  3 iron golems
  3 green deaths (Pan)
  A spectral spriggan (Tar:2)
  An entropy weaver (shapeshifter) (D:13)
  An alligator (Pan)
  4 boulder beetles
  A stoker (Geh:6)
  A tengu warrior (D:14)
  A demonic crawler (Pan)
  6 soul eaters (Pan)
  5 sun demons (Pan)
  2 crystal echidnas (Dis:7)
  9 sixfirhies (Pan)
  A quicksilver dragon simulacrum (Coc:5)
  2 sun moths (Pan)
  6 large abominations
  19 slime creatures
  2 shadow demons (Pan)
  An orc sorcerer (Pan)
  2 fauns (Shoals:2)
  A molten gargoyle (Geh:7)
  An orange demon (Pan)
  3 smoke demons (Pan)
  3 hellions
  A guardian mummy (Tomb:1)
  A spectral naga (Tar:4)
  6 hellwings (Pan)
  A spectral harpy (Tar:4)
  2 iron dragon simulacra (Coc:7)
  A naga simulacrum (Coc:3)
  A redback (Spider:1)
  A warg (Orc:1)
  2 neqoxecs (Pan)
  An orc priest (Orc:1)
  A gnoll (D:7)
  A kobold (D:8)
  23 boulders
  2 fire vortices
215 creatures vanquished.

Vanquished Creatures (others)
  2 shard shrike simulacra (Coc:2)
  A caustic shrike simulacrum (Coc:7)
  A spriggan (Lair:4)
  A cyclops (D:11)
  A titan simulacrum (Coc:3)
  A hornet (Lair:4)
  5 humans (D:15)
  A dire elephant simulacrum (Coc:7)
  2 harpy simulacra
  An orc warrior (Orc:2)
  An ettin simulacrum (Coc:7)
  An orc (D:11)
  3 ball lightnings (Pan)
  22 boulders
  A starspawn tentacle (Abyss:2)
  12 tentacles (Shoals:4)
56 creatures vanquished.

Grand Total: 4655 creatures vanquished

Notes
Turn   | Place    | Note
-------+----------+-------------------------------------------
     0 | D:1      | Mattviviwu the Gargoyle Earth Elementalist began the quest
                  | for the Orb.
     0 | D:1      | Reached XP level 1. HP: 10/10 MP: 3/3
     1 | D:1      | Noticed an electric eel
    29 | D:1      | Found Suonomna's Antique Armour Emporium.
   252 | D:1      | Found Zischyacu's Book Emporium.
   265 | D:1      | Reached XP level 2. HP: 5/15 MP: 3/5
   436 | D:1      | Found Millilih's Weapon Boutique.
   744 | D:1      | Reached XP level 3. HP: 17/19 MP: 4/6
   746 | D:1      | Reached skill level 5 in Earth Magic
   754 | D:1      | Learned a level 3 spell: Stone Arrow
  1722 | D:2      | Reached XP level 4. HP: 22/24 MP: 4/7
  2145 | D:2      | Learned a level 3 spell: Passwall
  2507 | D:3      | Reached XP level 5. HP: 28/28 MP: 3/8
  3405 | D:4      | Found a blossoming altar of Fedhas.
  3406 | D:4      | Found a shimmering altar of Xom.
  3407 | D:4      | Found a hazy altar of Hepliaklqana.
  3497 | D:4      | Noticed an ogre
  3498 | D:4      | Found a radiant altar of Vehumet.
  3502 | D:4      | Killed an ogre
  3503 | D:4      | Reached XP level 6. HP: 32/32 MP: 6/9
  3515 | D:4      | Became a worshipper of Vehumet
  3522 | D:4      | Identified the +4 robe of Xeckyick {Fly rN+}
  3647 | D:4      | Found a burning altar of Makhleb.
  3989 | D:1      | Bought a pair of glowing boots for 127 gold pieces
  4132 | D:5      | Entered Level 5 of the Dungeon
  4194 | D:5      | Reached skill level 1 in Shields
  4227 | D:5      | Reached XP level 7. HP: 26/36 MP: 7/10
  4555 | D:5      | Reached * piety under Vehumet
  4555 | D:5      | Offered knowledge of Foxfire by Vehumet.
  4556 | D:5      | Reached XP level 8. HP: 41/41 MP: 6/11
  4640 | D:5      | Reached skill level 10 in Earth Magic
  4766 | D:5      | Found a glowing silver altar of Zin.
  4766 | D:5      | Found a glowing golden altar of the Shining One.
  4766 | D:5      | Found a white marble altar of Elyvilon.
  4844 | D:5      | Noticed a two-headed ogre
  4844 | D:5      | Noticed a komodo dragon
  4857 | D:5      | Killed a komodo dragon
  4864 | D:5      | Killed a two-headed ogre
  4865 | D:5      | Reached XP level 9. HP: 24/45 MP: 2/12
  5423 | D:6      | Identified the +1 robe of the Inviting Gods {rF++ Will+
                  | rCorr MP-9}
  5609 | D:6      | Noticed Blork the orc
  5614 | D:6      | Killed Blork the orc
  5620 | D:6      | Learned a level 4 spell: Brom's Barrelling Boulder
  5721 | D:6      | Noticed Eustachio
  5729 | D:6      | Killed Eustachio
  5848 | D:6      | Offered knowledge of Magic Dart by Vehumet.
  5890 | D:6      | Reached ** piety under Vehumet
  6003 | D:6      | Found an ancient bone altar of Kikubaaqudgha.
  6636 | D:7      | Reached skill level 15 in Earth Magic
  6837 | D:7      | Reached XP level 10. HP: 45/50 MP: 11/14
  6844 | D:7      | Learned a level 4 spell: Petrify
  6857 | D:7      | Noticed Duvessa
  6867 | D:7      | Noticed Dowan
  6883 | D:7      | Killed Duvessa
  6884 | D:7      | Killed Dowan
  6978 | D:7      | Noticed Pikel
  6992 | D:7      | Killed Pikel
  7072 | D:7      | Found a staircase to the Ecumenical Temple.
  7094 | Temple   | Entered the Ecumenical Temple
  7243 | D:1      | Bought a pair of runed gloves for 127 gold pieces
  7502 | D:7      | Noticed Joseph
  7508 | D:7      | Offered knowledge of Momentum Strike by Vehumet.
  7792 | D:7      | Killed Joseph
  8084 | D:8      | Got the Compilation of Unlucky Conflict
  8114 | D:8      | Reached skill level 1 in Fighting
  8237 | D:8      | Reached *** piety under Vehumet
  8609 | D:8      | Found a sacrificial altar of Ru.
  9052 | D:9      | Offered knowledge of Dazzling Flash by Vehumet.
  9363 | D:9      | Found a snail-covered altar of Cheibriados.
  9516 | D:9      | Reached XP level 11. HP: 60/61 MP: 11/17
  9688 | D:10     | Entered Level 10 of the Dungeon
  9694 | D:9      | Reached skill level 1 in Armour
  9757 | D:10     | Reached **** piety under Vehumet
  9826 | D:10     | Offered knowledge of Fulminant Prism by Vehumet.
  9858 | D:10     | Found a staircase to the Lair.
 10040 | D:10     | Noticed a red ugly thing
 10063 | D:10     | Killed a red ugly thing
 10214 | D:10     | Found an iron altar of Okawaru.
 10335 | D:10     | Found a runed translucent gate.
 10336 | D:10     | Found a runed translucent gate.
 10336 | D:10     | Found a runed translucent gate.
 10336 | D:10     | Noticed a purple ugly thing
 10337 | D:10     | Noticed a faun
 10338 | D:10     | Noticed a brown ugly thing
 10339 | D:10     | Noticed a green ugly thing
 10339 | D:10     | Noticed a white ugly thing
 10339 | D:10     | a faun changed into an eye of devastation
 10347 | D:10     | a redback changed into a faun
 10347 | D:10     | Noticed a faun (glowing shapeshifter)
 10501 | D:10     | Found Selaem's Specific Store.
 10504 | D:10     | Found Xuzy's General Store.
 10738 | D:10     | an elephant changed into an orb spider
 10738 | D:10     | Noticed an orb spider (glowing shapeshifter)
 10739 | D:10     | an orb spider changed into a salamander
 10739 | D:10     | Noticed a salamander (glowing shapeshifter)
 10741 | D:10     | a tarantella changed into a sun moth
 10741 | D:10     | Noticed a sun moth (glowing shapeshifter)
 10744 | D:10     | a sun moth changed into a skyshark
 10744 | D:10     | Noticed a skyshark (glowing shapeshifter)
 10828 | Lair:1   | Entered Level 1 of the Lair of Beasts
 10851 | Lair:1   | Noticed Amaemon
 10870 | Lair:1   | Killed Amaemon
 11141 | Lair:1   | Reached skill level 5 in Conjurations
 11168 | Lair:1   | Reached ***** piety under Vehumet
 11363 | Lair:2   | Noticed a seven-headed hydra
 11462 | Lair:1   | Noticed Nergalle
 11489 | Lair:1   | Killed Nergalle
 11490 | Lair:1   | Reached XP level 12. HP: 57/67 MP: 1/18
 11643 | Lair:1   | Offered knowledge of Starburst by Vehumet.
 11700 | Lair:1   | Reached skill level 5 in Fighting
 12742 | Lair:3   | Reached skill level 1 in Alchemy
 12765 | Lair:3   | Found a gate leading to a gauntlet.
 12780 | Gauntlet | Entered a Gauntlet
 12780 | Gauntlet | Found a transporter.
 12787 | Gauntlet | Found a transporter.
 12789 | Gauntlet | Found a transporter.
 12800 | Gauntlet | Found a transporter.
 12803 | Gauntlet | Found a transporter.
 12805 | Gauntlet | Noticed a quicksilver ooze
 12811 | Gauntlet | Found a transporter.
 12832 | Gauntlet | Found a transporter.
 12836 | Gauntlet | Noticed a great orb of eyes
 12843 | Gauntlet | Found a transporter.
 12852 | Gauntlet | Noticed a catoblepas
 12855 | Gauntlet | Found a transporter.
 12875 | Gauntlet | Found a transporter.
 12890 | Gauntlet | Found a transporter.
 12890 | Gauntlet | Found a transporter.
 12957 | Gauntlet | Found a transporter.
 12960 | Gauntlet | Found a transporter.
 13225 | Gauntlet | Identified the +0 helmet "Johozug" {+Blink Fly Dex-2}
 13253 | Gauntlet | Identified the ring "Uregumur" {rF+ Will+ Str+5 Int+6}
 13263 | Gauntlet | Killed a quicksilver ooze
 13264 | Gauntlet | Reached skill level 5 in Shields
 13336 | Gauntlet | Identified the +16 crystal plate armour of Fedhas's Hope
                  | {^Contam Harm rF+ SInv}
 13336 | Gauntlet | Noticed a minotaur
 13362 | Gauntlet | Identified the +0 ring mail "Juev Lym" {rN+ Str+4}
 13566 | Lair:3   | Noticed Snorg
 13575 | Lair:3   | Killed Snorg
 13757 | Lair:3   | Noticed a death yak
 13824 | Lair:2   | Killed a seven-headed hydra
 14241 | Lair:2   | Reached XP level 13. HP: 74/74 MP: 15/20
 14323 | Lair:2   | Reached skill level 5 in Spellcasting
 14584 | Lair:2   | Found a hole to the Spider Nest.
 16145 | Lair:3   | Found a staircase to the Shoals.
 16299 | Lair:3   | Reached skill level 1 in Maces & Flails
 16360 | Lair:4   | Reached skill level 5 in Dodging
 16610 | Lair:4   | Identified the amulet of Qyhiq {Reflect rElec Int+3 SH+5}
 16752 | Lair:4   | Found a staircase to the Slime Pits.
 17857 | Lair:5   | Entered Level 5 of the Lair of Beasts
 18258 | Lair:5   | Identified a scroll of acquirement
 18259 | Lair:5   | Acquired a +0 kite shield of poison resistance
 18446 | Lair:5   | Offered knowledge of Arcjolt by Vehumet.
 18447 | Lair:5   | Gained mutation: Your large and strong wings let you fly.
                  | [Gargoyle growth]
 18447 | Lair:5   | Reached XP level 14. HP: 84/84 MP: 14/23
 18678 | Lair:5   | Reached skill level 5 in Armour
 21281 | Lair:5   | Identified the +2 glaive of the Ecumenical Temple {drain,
                  | *Rage MP+9 Str+8 Int-3}
 21949 | Lair:5   | Offered knowledge of Bombard by Vehumet.
 21957 | Lair:5   | Learned a level 6 spell: Bombard
 22754 | D:11     | Reached skill level 10 in Shields
 22820 | D:11     | Reached skill level 10 in Armour
 23445 | D:11     | Found a staircase to the Orcish Mines.
 24246 | D:12     | Reached XP level 15. HP: 88/88 MP: 6/24
 24358 | D:12     | Found a shimmering blue altar of Sif Muna.
 24374 | D:12     | Got Sif Muna's Volume of Weather
 24859 | D:12     | Noticed Rupert
 24876 | D:12     | Paralysed by Rupert for 5 turns
 24886 | D:12     | Killed Rupert
 25495 | D:13     | Noticed Frances
 25660 | D:13     | Found an opulent altar of Gozag.
 25718 | D:13     | Noticed Erolcha
 25722 | D:13     | Killed Erolcha
 26108 | D:13     | Noticed Nessos
 26110 | D:13     | Killed Nessos
 26111 | D:13     | Reached skill level 1 in Evocations
 26232 | D:13     | Killed Frances
 26656 | D:13     | Found Nesag's Jewellery Emporium.
 26658 | D:13     | Found Ecif Iwa's Book Shoppe.
 26660 | D:13     | Found Biutasch's Assorted Antiques.
 26666 | D:13     | Bought a book of Iron for 480 gold pieces
 26671 | D:13     | Learned a level 4 spell: Animate Armour
 26677 | D:13     | Learned a level 5 spell: Lee's Rapid Deconstruction
 26926 | D:13     | Found a gate to the Vaults.
 27161 | D:14     | Found a bloodstained altar of Trog.
 27391 | D:14     | Offered knowledge of Yara's Violent Unravelling by Vehumet.
 28564 | D:15     | Entered Level 15 of the Dungeon
 28718 | D:15     | Noticed Jorgrun
 28820 | D:15     | Noticed Kirke
 28826 | D:14     | Noticed a sphinx
 28831 | D:14     | Killed Kirke
 29244 | D:15     | Killed Jorgrun
 29471 | D:14     | Reached XP level 16. HP: 93/93 MP: 10/28
 30157 | D:15     | Found a staircase to the Depths.
 30611 | Orc:1    | Entered Level 1 of the Orcish Mines
 30713 | Orc:2    | Entered Level 2 of the Orcish Mines
 31064 | Orc:2    | Offered knowledge of Iskenderun's Battlesphere by Vehumet.
 31092 | Orc:1    | Found Bashaj's Self-Improvement Boutique.
 32138 | Orc:2    | Found Yczeuche's Antique Weapon Shoppe.
 32172 | Orc:2    | Found Vemihedd's Antique Armour Shoppe.
 32195 | Orc:2    | Found Haifuf's General Store.
 32229 | Orc:2    | Found a staircase to the Elven Halls.
 32873 | Orc:2    | Found Weoliv's Jewellery Shoppe.
 33069 | Spider:1 | Entered Level 1 of the Spider Nest
 33069 | Spider:1 | Noticed Donald
 33074 | Spider:1 | Killed Donald
 33250 | Spider:1 | Learned a level 4 spell: Iskenderun's Mystic Blast
 33297 | Spider:1 | Reached skill level 5 in Maces & Flails
 33323 | Spider:1 | Reached skill level 1 in Translocations
 33980 | Shoals:1 | Entered Level 1 of the Shoals
 34152 | Shoals:2 | Reached skill level 10 in Spellcasting
 34441 | Orc:1    | Bought a manual of Conjurations for 1280 gold pieces
 34447 | Orc:1    | Learned a level 5 spell: Irradiate
 34907 | Shoals:1 | Offered knowledge of Freezing Cloud by Vehumet.
 35731 | Shoals:2 | Reached skill level 10 in Conjurations
 35942 | Shoals:2 | Reached XP level 17. HP: 90/97 MP: 16/31
 37828 | Shoals:3 | Reached ****** piety under Vehumet
 37896 | Shoals:3 | Noticed Bai Suzhen
 37946 | Shoals:3 | HP: 2/97 [Bai Suzhen/torrent of water (35)]
 37953 | Shoals:3 | Killed Bai Suzhen
 38508 | Shoals:4 | Entered Level 4 of the Shoals
 38513 | Shoals:4 | Offered knowledge of Orb of Destruction by Vehumet.
 38828 | Shoals:4 | Noticed a kraken
 39120 | Shoals:4 | Killed a kraken
 40417 | Shoals:4 | Reached skill level 15 in Conjurations
 40604 | Shoals:4 | Reached XP level 18. HP: 102/103 MP: 14/33
 40823 | Shoals:4 | Got a barnacled rune of Zot
 41444 | Elf:1    | Entered Level 1 of the Elven Halls
 41562 | Elf:1    | Offered knowledge of Lehudib's Crystal Spear by Vehumet.
 41562 | Elf:1    | Offered knowledge of Fire Storm by Vehumet.
 41562 | Elf:1    | Offered knowledge of Shatter by Vehumet.
 41787 | Elf:1    | Got Lemuer's Dissertation on Tinctures
 41801 | Elf:1    | Got Sif Muna's Verses on the Elixir
 42454 | Elf:1    | Found Ridda's Weapon Shoppe.
 43574 | Elf:2    | Found a runed translucent gate.
 43574 | Elf:2    | Found a runed translucent gate.
 43574 | Elf:2    | Found a runed translucent gate.
 44767 | Elf:3    | Entered Level 3 of the Elven Halls
 44780 | Elf:3    | Found a radiant altar of Vehumet.
 45148 | Elf:3    | Reached skill level 10 in Fighting
 45148 | Elf:3    | Reached XP level 19. HP: 57/112 MP: 8/36
 45300 | Elf:3    | Learned a level 9 spell: Shatter
 45515 | Elf:3    | Found a large runed translucent door.
 45515 | Elf:3    | Found a large runed translucent door.
 45515 | Elf:3    | Noticed Laryos's ghost (adept DrIE)
 45525 | Elf:3    | Killed Laryos's ghost
 46694 | Elf:3    | Identified the +2 robe "Cecimir" {rPois Str+6}
 46694 | Elf:3    | Identified the ring "Gerov" {rElec rN+ EV+5}
 46702 | Elf:3    | Identified the +2 ring mail "Koseifo" {Dex+5}
 46702 | Elf:3    | Identified the ring "Xuebeosu" {Ice Int+3}
 46708 | Elf:3    | Paralysed by an air elemental for 1 turns
 46710 | Elf:3    | Paralysed by an air elemental for 1 turns
 46843 | Elf:3    | Identified the ring "Gangas" {rCorr Int+6}
 46940 | Elf:3    | Identified the +4 scimitar of Bifietz {vamp, +Blink}
 47552 | Elf:3    | Got the Secrets of Enchanting Zombies
 47553 | Elf:3    | Identified the staff of Kumix {rPois rN+ Will+ Dex-5 Necro}
 47563 | Elf:3    | Identified the +6 quick blade "Qugop" {elec, rC+ MP-9
                  | Str+3}
 47569 | Elf:3    | Got Vatuc's Dissertation on the Spatial Dead
 47571 | Elf:3    | Identified the +2 helmet of Extak {rF+ Str-3 Stlth+}
 47579 | Elf:3    | Identified the +0 cloak of Agnosticism {Harm rC+++ Str-3
                  | Stlth+}
 48166 | Vaults:1 | Entered Level 1 of the Vaults
 48171 | Vaults:1 | Noticed Nikola
 48268 | Vaults:1 | Killed Nikola
 49617 | Vaults:1 | Reached skill level 1 in Staves
 49969 | Vaults:1 | Reached XP level 20. HP: 119/122 MP: 28/37
 50151 | Vaults:1 | Noticed Muvus's ghost (adept DsFi)
 50152 | Vaults:1 | Noticed MackTheFife's ghost (veteran HOGl)
 50157 | Vaults:1 | Noticed an ancient lich
 50173 | Vaults:1 | Found a transporter.
 50193 | Vaults:1 | Found a transporter.
 50338 | Vaults:1 | Found a portal to a secret trove of treasure.
 50441 | Vaults:1 | Reached skill level 5 in Evocations
 50734 | Vaults:1 | Identified the serpent talisman of the Crypt {Dex+3}
 50734 | Vaults:1 | Noticed Aizul
 50744 | Vaults:1 | Killed Aizul
 51195 | Vaults:1 | Killed an ancient lich
 52069 | D:13     | Killed Muvus's ghost
 52249 | Vaults:1 | Killed MackTheFife's ghost
 52686 | D:10     | Found a runed translucent gate.
 52686 | D:10     | Found a runed translucent gate.
 52686 | D:10     | Found a runed translucent gate.
 52688 | D:10     | Noticed jkubb29's ghost (journeyman DsNe)
 52738 | D:10     | Killed jkubb29's ghost
 53133 | Vaults:2 | Noticed Sojobo
 53736 | Vaults:2 | Noticed Xtahua
 54094 | Vaults:2 | Noticed Asterion
 54101 | Vaults:2 | Killed Asterion
 54102 | Vaults:2 | Reached skill level 5 in Staves
 54329 | Vaults:2 | Identified the +10 plate armour of the Sun {Str+2 Dex+3}
 55837 | Vaults:3 | Identified the +3 leather armour of Chimes {rF+}
 55938 | Vaults:3 | Reached skill level 27 in Earth Magic
 55940 | Vaults:3 | Reached XP level 21. HP: 127/127 MP: 32/38
 57448 | Vaults:3 | Found a staircase to the Crypt.
 57831 | Vaults:3 | Learned a level 5 spell: Yara's Violent Unravelling
 58088 | Vaults:4 | Identified the +8 orcbow "Sios" {freeze, rPois}
 58202 | Vaults:4 | Reached skill level 5 in Alchemy
 58350 | Vaults:4 | Reached skill level 1 in Hexes
 59093 | Vaults:4 | Reached skill level 15 in Spellcasting
 59157 | Vaults:4 | Noticed an ancient lich
 59909 | Vaults:4 | Reached skill level 5 in Hexes
 60677 | Vaults:2 | Paralysed by an air elemental for 1 turns
 60680 | Vaults:2 | Paralysed by an air elemental for 1 turns
 60686 | Vaults:2 | Killed Sojobo
 60824 | Vaults:3 | Killed Xtahua
 61464 | Depths:1 | Entered Level 1 of the Depths
 61466 | Depths:1 | Reached XP level 22. HP: 132/132 MP: 41/41
 62119 | Depths:1 | Found a one-way gateway to a ziggurat.
 62121 | Depths:1 | Found a gateway to Hell.
 62317 | Depths:2 | Noticed Vv
 62321 | Depths:2 | Killed Vv
 62337 | Depths:2 | Noticed Mara
 63145 | Depths:1 | Reached skill level 5 in Stealth
 63485 | Depths:1 | Found a runed translucent door.
 63488 | Depths:1 | Found a radiant altar of Vehumet.
 63489 | Depths:1 | Noticed an ancient lich
 63626 | Depths:1 | Killed an ancient lich
 63630 | Depths:1 | Got the Encyclopedia of Bruises
 63981 | Depths:2 | Identified the +4 chain mail "Yneffau" {Str-5 Int+2 Dex+3
                  | Stlth+}
 63987 | Depths:2 | Reached skill level 15 in Armour
 64122 | Depths:2 | Identified the +5 morningstar of Kohookoe {protect, rN+
                  | Dex+3 SInv}
 64242 | Depths:2 | Noticed a juggernaut
 64247 | Depths:2 | Killed a juggernaut
 64248 | Depths:2 | Identified the ring of Niomaira {Ice rN+}
 64248 | Depths:2 | Noticed Josephina
 64252 | Depths:2 | Killed Mara
 64253 | Depths:2 | Killed Josephina
 64568 | Depths:2 | Found a one-way gate leading to the halls of Pandemonium.
 64774 | Depths:3 | Found a one-way gate to the infinite horrors of the Abyss.
 64881 | Depths:3 | Reached XP level 23. HP: 129/136 MP: 22/42
 65088 | Depths:3 | Reached skill level 10 in Staves
 65639 | Depths:3 | Noticed a caustic shrike
 65640 | Depths:3 | Noticed a caustic shrike
 65642 | Depths:3 | Killed a caustic shrike
 65645 | Depths:3 | Killed a caustic shrike
 65675 | Depths:3 | Noticed a caustic shrike
 65678 | Depths:3 | Noticed a caustic shrike
 65681 | Depths:3 | Killed a caustic shrike
 65683 | Depths:3 | Killed a caustic shrike
 65782 | Depths:3 | Found a white marble altar of Elyvilon.
 65803 | Depths:3 | Got the Omnibus of Accelerants
 66032 | Depths:3 | Reached skill level 10 in Evocations
 66862 | Spider:1 | Identified the +1 leather armour of Eternal Night {Str+5
                  | Int+5 Dex-3}
 68909 | Spider:4 | Entered Level 4 of the Spider Nest
 68915 | Spider:4 | Reached XP level 24. HP: 142/142 MP: 31/42
 68986 | Spider:4 | Identified the +3 ring mail of the Ward {Slay+2}
 69387 | Spider:4 | Learned a level 2 spell: Blink
 69766 | Spider:4 | Got the Tractate on the Violent Sixfirhy
 69941 | Spider:4 | Got a gossamer rune of Zot
 70387 | Depths:4 | Entered Level 4 of the Depths
 70747 | Depths:4 | Noticed a juggernaut
 71301 | Vaults:1 | You paid a toll of a +5 demon whip to enter a treasure
                  | trove
 71302 | Trove    | Entered a treasure trove
 71308 | Trove    | Identified the ring "Joirof" {rElec rPois Dex-2 Slay+4
                  | Stlth+}
 71313 | Trove    | Identified the amulet of the Doge {Spirit *Slow rN+ Stlth+}
 71315 | Trove    | Identified the amulet of Kulein {Reflect rC++ rN+ Int+4
                  | SH+5}
 71319 | Trove    | Identified the ring of Bail {rElec rF+ Str+6 Dex+3 Stlth-}
 71323 | Trove    | Identified the ring of the Iron Devil {Fire rCorr}
 71327 | Trove    | Identified the ring of Jukets {^Drain +Blink rCorr Str+2
                  | SInv}
 72088 | Depths:4 | Killed a juggernaut
 72510 | Depths:4 | Found a gate to the Realm of Zot.
 73459 | Vaults:4 | Killed an ancient lich
 73460 | Vaults:4 | Reached skill level 15 in Fighting
 73509 | Vaults:5 | Entered Level 5 of the Vaults
 73517 | Vaults:5 | Noticed an ancient lich
 73522 | Vaults:5 | Killed an ancient lich
 73525 | Vaults:5 | Noticed an ancient lich
 73526 | Vaults:5 | Killed an ancient lich
 73528 | Vaults:5 | Reached XP level 25. HP: 106/157 MP: 42/42
 73545 | Vaults:5 | Reached skill level 15 in Shields
 73776 | Vaults:5 | Identified the ring "Atynk" {AC+4 Int+3}
 73796 | Vaults:5 | Identified the +7 falchion of Agatear {venom, ^Drain Str+6
                  | Int+3}
 74247 | Vaults:5 | Identified the +5 long sword of Zin's Vengeance {protect,
                  | rPois MP+9 Str+3}
 74340 | Vaults:5 | Got a silver rune of Zot
 75680 | D:10     | Bought a scroll of enchant armour for 82 gold pieces
 76456 | Crypt:1  | Entered Level 1 of the Crypt
 76739 | Crypt:1  | Noticed Margery
 76745 | Crypt:1  | Killed Margery
 77131 | Crypt:1  | You are sucked into a shaft and drop 1 floor!
 78688 | Crypt:3  | Entered Level 3 of the Crypt
 78695 | Crypt:3  | Reached skill level 1 in Summonings
 78977 | Crypt:3  | Found a staircase to the Tomb.
 79600 | Crypt:3  | Reached XP level 26. HP: 163/163 MP: 30/43
 80161 | Crypt:2  | Found a basalt altar of Yredelemnul.
 80164 | Crypt:2  | Reached skill level 5 in Summonings
 80309 | Crypt:3  | Identified the ring of Xom's Fair Game {rN+ Dex+6}
 80309 | Crypt:3  | Identified the ring "Duxkiom" {Fly rN+ Dex+2}
 80309 | Crypt:3  | Identified the ring "Qirumad" {rF+ rN+ Will+ rCorr}
 80878 | Crypt:3  | Got the Teachings on the Charnel House
 81348 | Crypt:3  | Got the Folio of the Valley and the Gang
 81356 | Crypt:3  | Identified the ring of Isail {Will+ rCorr Str+3}
 81366 | Crypt:3  | Identified the +5 scimitar "Hihouc" {elec, Stlth+}
 81870 | Hell     | Entered the Vestibule of Hell
 81870 | Hell     | Noticed Geryon
 81981 | Hell     | Killed Geryon
 82279 | Hell     | Found a gateway to the ashen valley of Gehenna.
 82851 | Hell     | Found a gateway to the Iron City of Dis.
 82899 | Hell     | Found a gateway to the freezing wastes of Cocytus.
 83024 | Hell     | Found a gateway to the decaying netherworld of Tartarus.
 83072 | Depths:3 | Learned a level 7 spell: Spellforged Servitor
 83344 | Slime:1  | Entered Level 1 of the Pits of Slime
 83959 | Slime:2  | Reached skill level 10 in Summonings
 84934 | Slime:3  | Found a viscous altar of Jiyva.
 86136 | Slime:5  | Entered Level 5 of the Pits of Slime
 86599 | Spider:2 | Reached XP level 27. HP: 134/136 MP: 32/43
 86608 | Spider:2 | Learned a level 5 spell: Freezing Cloud
 86797 | Slime:5  | Reached skill level 1 in Ice Magic
 86979 | Slime:5  | Noticed the Royal Jelly
 86982 | Slime:5  | Killed the Royal Jelly
 87053 | Slime:5  | Reached skill level 5 in Ice Magic
 87197 | Slime:5  | Identified the +4 morningstar of Fuxazaeg {pain, rCorr}
 87437 | Slime:5  | Identified the +6 morningstar of Terror {pain, rC+}
 87451 | Slime:5  | Identified the +9 short sword "Kienn" {protect, rC- Str+3
                  | Int+3}
 87454 | Slime:5  | Got the Secrets of Ointment
 87624 | Slime:5  | Identified the +0 plate armour of Beyond {rPois rF+++ rC+
                  | Dex-2}
 87639 | Slime:5  | Identified the staff "Cokylo" {rC+ rN+ Necro}
 87780 | Slime:5  | Identified the dragon-blood talisman of Hijyprim {rF- Int+3
                  | Dex+5}
 87790 | Slime:5  | Got a slimy rune of Zot
 88245 | Zot:1    | Entered Level 1 of the Realm of Zot
 89338 | Zot:1    | Reached skill level 10 in Ice Magic
 90225 | Zot:2    | Found a sacrificial altar of Ru.
 90409 | Zot:2    | Identified the +2 scimitar of the Big Bang {heavy, rF+ rN+
                  | Dex+3}
 92593 | Hell     | Learned a level 7 spell: Ozocubu's Refrigeration
 93110 | Zot:3    | Reached skill level 15 in Ice Magic
 95108 | Depths:4 | Voluntarily entered the Abyss.
 95194 | Abyss:2  | Found an iron altar of Okawaru.
 95299 | Abyss:3  | Found a corrupted altar of Lugonu.
 95300 | Abyss:3  | Found a corrupted altar of Lugonu.
 95311 | Abyss:3  | Found a corrupted altar of Lugonu.
 95340 | Abyss:3  | Got an abyssal rune of Zot
 95352 | Depths:4 | Escaped the Abyss
 95561 | Zot:5    | Entered Level 5 of the Realm of Zot
 96353 | Zot:5    | Noticed a dread lich
 96358 | Zot:5    | Killed a dread lich
 96469 | Zot:5    | Noticed an orb of fire
 96484 | Zot:5    | Noticed an ancient lich
 96490 | Zot:5    | Killed an orb of fire
 96494 | Zot:5    | Killed an ancient lich
 96495 | Zot:5    | Noticed an ancient lich
 96510 | Zot:5    | Killed an ancient lich
 97090 | Zot:5    | Noticed an orb of fire
 97090 | Zot:5    | Gained mutation: You occasionally lose the ability to drink
                  | potions when taking damage. [an orb of fire]
 97100 | Zot:5    | Noticed an orb of fire
 97102 | Zot:5    | Killed an orb of fire
 97297 | Zot:5    | Noticed a dread lich
 97300 | Zot:5    | Killed a dread lich
 97303 | Zot:5    | Noticed an ancient lich
 97309 | Zot:5    | Killed an ancient lich
 97310 | Zot:5    | Noticed a dread lich
 97315 | Zot:5    | Killed a dread lich
 97751 | Zot:5    | Killed an orb of fire
 98005 | Dis:1    | Entered Level 1 of the Iron City of Dis
 98109 | Dis:1    | Noticed an ancient lich
 98115 | Dis:1    | Killed an ancient lich
 98299 | Dis:1    | Lost mutation: You occasionally lose the ability to drink
                  | potions when taking damage. [potion of mutation]
 98299 | Dis:1    | Gained mutation: You occasionally lose the ability to read
                  | scrolls when taking damage. [potion of mutation]
 98299 | Dis:1    | Gained mutation: Your mind is acute. (Int +4, Str/Dex -1)
                  | [potion of mutation]
 98300 | Dis:1    | Lost mutation: You occasionally lose the ability to read
                  | scrolls when taking damage. [potion of mutation]
 98300 | Dis:1    | Lost mutation: Your mind is acute. (Int +4, Str/Dex -1)
                  | [potion of mutation]
 98300 | Dis:1    | Gained mutation: You are partially covered in iridescent
                  | scales. (AC +2) [potion of mutation]
 98300 | Dis:1    | Gained mutation: Your natural rate of healing is unusually
                  | fast. [potion of mutation]
 98300 | Dis:1    | Gained mutation: You have a pair of small antennae on your
                  | head. [potion of mutation]
 98300 | Dis:1    | Gained mutation: You are agile. (Dex +4, Str/Int -1)
                  | [potion of mutation]
 98642 | Dis:2    | You are sucked into a shaft and drop 1 floor!
100147 | Dis:7    | Entered Level 7 of the Iron City of Dis
103082 | Dis:7    | Identified the +6 sling of Zobustre {freeze, Will- Str-5
                  | Dex+7}
103083 | Dis:7    | Identified the +7 sling of Agony {drain, ^Fragile rN++
                  | rCorr MP+9}
103113 | Dis:7    | Identified the +7 triple crossbow of Honour {drain, rElec
                  | rC- Int-2 Dex+8}
103222 | Dis:7    | Noticed Dispater
103227 | Dis:7    | Killed Dispater
103264 | Dis:7    | Got an iron rune of Zot
103272 | Dis:7    | Identified the +4 ring mail of the Mind {rF+ Regen+ Str-5
                  | Slay+3}
103275 | Dis:7    | Identified the +9 orcbow of Ireudefu {heavy, ^Fragile rPois
                  | rF+ Str+4}
103676 | Hell     | Learned a level 9 spell: Polar Vortex
103774 | Coc:1    | Entered Level 1 of Cocytus
104597 | Coc:3    | Paralysed by a wendigo for 1 turns
105331 | Coc:5    | Learned a level 6 spell: Starburst
105395 | Coc:5    | Paralysed by a wendigo for 1 turns
105401 | Coc:5    | Reached skill level 1 in Fire Magic
106166 | Coc:7    | Entered Level 7 of Cocytus
106172 | Coc:7    | Reached skill level 5 in Fire Magic
106176 | Coc:7    | Paralysed by a wendigo for 1 turns
106204 | Coc:7    | Paralysed by a wendigo for 1 turns
106634 | Tar:1    | Entered Level 1 of Tartarus
108244 | Geh:1    | Entered Level 1 of Gehenna
108613 | Geh:2    | Noticed a dread lich
108625 | Geh:2    | Killed a dread lich
110129 | Geh:6    | Reached skill level 27 in Ice Magic
110575 | Geh:7    | Entered Level 7 of Gehenna
111803 | Geh:7    | Reached skill level 15 in Evocations
112189 | Geh:7    | Found the +3 Elemental Staff {ele, rElec rF+ rC+ AC+3}
112648 | Geh:7    | Found the +13 sceptre of Asmodeus
112648 | Geh:7    | Noticed Asmodeus
112657 | Geh:7    | Killed Asmodeus
112668 | Geh:7    | Got an obsidian rune of Zot
114602 | Tar:7    | Entered Level 7 of Tartarus
115593 | Tar:7    | Identified the ring of Favvaeqi {^Contam rPois Will++ Dex+9
                  | Stlth-}
115620 | Tar:7    | Identified the amulet of Ycura {Spirit rElec Dex-3 SInv}
115623 | Tar:7    | Identified the ring of Azyoro {*Corrode Fly rElec rN+
                  | Int+6}
117323 | Tar:7    | Noticed Ereshkigal
117339 | Tar:7    | Killed Ereshkigal
117353 | Tar:7    | Got a bone rune of Zot
117793 | Tar:7    | Reached skill level 10 in Stealth
117817 | Tar:7    | Identified the +0 long sword of Contradiction {drain, rF+
                  | Will+ rCorr MP+9}
117823 | Tar:7    | Identified the +4 glaive of Ru's Pride {vamp, *Rage Fly
                  | rN++ Int+3}
119039 | Coc:7    | Paralysed by a wendigo for 1 turns
119361 | Coc:7    | Paralysed by a wendigo for 1 turns
119767 | Coc:7    | Noticed Antaeus
120215 | Coc:7    | Identified the ring "Plog" {rElec rC+}
120232 | Coc:7    | Killed Antaeus
120396 | Coc:7    | Identified the +1 leather armour "Upsimod" {^Contam Str-2
                  | Dex+7}
120513 | Coc:7    | Identified the +0 chain mail "Enayth" {Rampage rN+ Dex+2}
120602 | Coc:7    | Identified the staff of Skirmishing {rElec Int+3 Air}
120611 | Coc:7    | Got an icy rune of Zot
120876 | D:13     | Bought a scroll of amnesia for 100 gold pieces
120876 | D:13     | Bought a potion of haste for 250 gold pieces
120994 | Orc:1    | Bought a manual of Shields for 1280 gold pieces
121163 | D:10     | Bought a potion of curing for 33 gold pieces
121167 | D:10     | Lost mutation: You are agile. (Dex +4, Str/Int -1) [potion
                  | of mutation]
121167 | D:10     | Lost mutation: You have a pair of small antennae on your
                  | head. [potion of mutation]
121167 | D:10     | Gained mutation: You occasionally lose the ability to read
                  | scrolls when taking damage. [potion of mutation]
121168 | D:10     | Lost mutation: You are partially covered in iridescent
                  | scales. (AC +2) [potion of mutation]
121168 | D:10     | Lost mutation: You occasionally lose the ability to read
                  | scrolls when taking damage. [potion of mutation]
121168 | D:10     | Lost mutation: Your natural rate of healing is unusually
                  | fast. [potion of mutation]
121168 | D:10     | Gained mutation: Your flesh is cold resistant. (rC+)
                  | [potion of mutation]
121168 | D:10     | Gained mutation: You passively dampen the noise of your
                  | surroundings. [potion of mutation]
121168 | D:10     | Gained mutation: You occasionally lose the ability to drink
                  | potions when taking damage. [potion of mutation]
121168 | D:10     | Gained mutation: You have a somewhat thin skeletal
                  | structure. (Dex +2, Stealth+) [potion of mutation]
121169 | D:10     | Lost mutation: You passively dampen the noise of your
                  | surroundings. [potion of mutation]
121169 | D:10     | Lost mutation: You occasionally lose the ability to drink
                  | potions when taking damage. [potion of mutation]
121169 | D:10     | Lost mutation: You have a somewhat thin skeletal structure.
                  | (Dex +2, Stealth+) [potion of mutation]
121169 | D:10     | Gained mutation: You are dopey. (Int -2) [potion of
                  | mutation]
121169 | D:10     | Gained mutation: You are frail. (-10% HP) [potion of
                  | mutation]
121169 | D:10     | Gained mutation: You are agile. (Dex +4, Str/Int -1)
                  | [potion of mutation]
121170 | D:10     | Lost mutation: You are agile. (Dex +4, Str/Int -1) [potion
                  | of mutation]
121170 | D:10     | Lost mutation: You are dopey. (Int -2) [potion of mutation]
121170 | D:10     | Lost mutation: You are frail. (-10% HP) [potion of
                  | mutation]
121170 | D:10     | Gained mutation: You are vulnerable to heat. (rF-) [potion
                  | of mutation]
121170 | D:10     | Gained mutation: Armour fits poorly on your strangely
                  | shaped body. [potion of mutation]
121171 | D:10     | Lost mutation: Armour fits poorly on your strangely shaped
                  | body. [potion of mutation]
121171 | D:10     | Lost mutation: Your flesh is cold resistant. (rC+) [potion
                  | of mutation]
121171 | D:10     | Gained mutation: Your mind is acute. (Int +4, Str/Dex -1)
                  | [potion of mutation]
121171 | D:10     | Gained mutation: You are partially covered in iridescent
                  | scales. (AC +2) [potion of mutation]
121171 | D:10     | Gained mutation: Your movements are slightly less
                  | encumbered by armour. (ER -2) [potion of mutation]
123757 | Pan      | Entered Pandemonium
123799 | Pan      | Reached skill level 1 in Throwing
124720 | Pan      | Reached skill level 5 in Throwing
124893 | Pan      | Noticed Ogaechos the pandemonium lord
124896 | Pan      | Killed Ogaechos the pandemonium lord
125615 | Pan      | Identified the +6 dagger of Yeast {freeze, ^Drain rElec
                  | Str+6}
125914 | Pan      | Found an exit through the horrors of the Abyss.
125990 | Pan      | Entered the realm of Mnoleg.
125997 | Pan      | Gained mutation: You occasionally lose the ability to drink
                  | potions when taking damage. [a neqoxec]
126343 | Pan      | Reached skill level 10 in Throwing
126475 | Pan      | Gained mutation: You are frail. (-10% HP) [a neqoxec]
126521 | Pan      | Noticed Mnoleg
126535 | Pan      | Killed Mnoleg
127118 | Pan      | Gained mutation: You sometimes lose the ability to drink
                  | potions when taking damage. [a neqoxec]
127136 | Pan      | Gained mutation: Your body sometimes deteriorates upon
                  | taking damage. [a cacodemon]
127193 | Pan      | Gained mutation: Armour fits poorly on your strangely
                  | shaped body. [a neqoxec]
127305 | Pan      | Lost mutation: Your mind is acute. (Int +4, Str/Dex -1) [a
                  | cacodemon]
127307 | Pan      | Lost mutation: You sometimes lose the ability to drink
                  | potions when taking damage. [potion of mutation]
127307 | Pan      | Lost mutation: You are frail. (-10% HP) [potion of
                  | mutation]
127610 | Pan      | Got a glowing rune of Zot
127634 | Pan      | Identified the +0 helmet of Irocesh {rPois Regen+ Str+2}
127636 | Pan      | Gained mutation: Your body often deteriorates upon taking
                  | damage. [a cacodemon]
127677 | Pan      | Gained mutation: You occasionally lose the ability to read
                  | scrolls when taking damage. [a cacodemon]
127684 | Pan      | Gained mutation: You have hidden genetic potential. [a
                  | cacodemon]
128677 | Pan      | Lost mutation: You occasionally lose the ability to read
                  | scrolls when taking damage. [potion of mutation]
128677 | Pan      | Lost mutation: Your body often deteriorates upon taking
                  | damage. [potion of mutation]
128677 | Pan      | Lost mutation: Your movements are slightly less encumbered
                  | by armour. (ER -2) [potion of mutation]
128677 | Pan      | Gained mutation: You have a pair of small antennae on your
                  | head. [potion of mutation]
128677 | Pan      | Gained mutation: You possess an exceptional clarity of
                  | mind. [potion of mutation]
128678 | Pan      | Lost mutation: You are vulnerable to heat. (rF-) [potion of
                  | mutation]
128678 | Pan      | Lost mutation: You are partially covered in iridescent
                  | scales. (AC +2) [potion of mutation]
128678 | Pan      | Lost mutation: Your body sometimes deteriorates upon taking
                  | damage. [potion of mutation]
128678 | Pan      | Gained mutation: You are partially covered in iridescent
                  | scales. (AC +2) [potion of mutation]
128678 | Pan      | Gained mutation: You sometimes lose the ability to drink
                  | potions when taking damage. [potion of mutation]
128678 | Pan      | Gained mutation: You are agile. (Dex +4, Str/Int -1)
                  | [potion of mutation]
128840 | Pan      | Noticed Qezxonn the pandemonium lord
129160 | Pan      | Killed Qezxonn the pandemonium lord
129168 | Pan      | Got a demonic rune of Zot
129176 | Pan      | Identified the staff of a Gauntlet {Dex+5 Conj Tloc}
129245 | Pan      | Lost mutation: You possess an exceptional clarity of mind.
                  | [potion of mutation]
129245 | Pan      | Lost mutation: You sometimes lose the ability to drink
                  | potions when taking damage. [potion of mutation]
129245 | Pan      | Gained mutation: You are mostly covered in iridescent
                  | scales. (AC +4) [potion of mutation]
129245 | Pan      | Gained mutation: Potions are less effective at restoring
                  | your health. [potion of mutation]
129246 | Pan      | Lost mutation: You have a pair of small antennae on your
                  | head. [potion of mutation]
129246 | Pan      | Lost mutation: You are agile. (Dex +4, Str/Int -1) [potion
                  | of mutation]
129246 | Pan      | Lost mutation: You occasionally lose the ability to drink
                  | potions when taking damage. [potion of mutation]
129246 | Pan      | Gained mutation: You have a pair of small antennae on your
                  | head. [potion of mutation]
129246 | Pan      | Gained mutation: You are strong-willed. (Will+) [potion of
                  | mutation]
129246 | Pan      | Gained mutation: You have a pair of antennae on your head.
                  | [potion of mutation]
129740 | Pan      | Found an exit through the horrors of the Abyss.
130162 | Pan      | Noticed Quexuku the pandemonium lord
130169 | Pan      | Killed Quexuku the pandemonium lord
130697 | Pan      | Reached skill level 10 in Dodging
130939 | Pan      | Gained mutation: You occasionally shout uncontrollably at
                  | your foes. [a neqoxec]
130940 | Pan      | Gained mutation: You frequently scream uncontrollably at
                  | your foes. [a neqoxec]
131105 | Pan      | Noticed Hemol the pandemonium lord
131110 | Pan      | Killed Hemol the pandemonium lord
131812 | Pan      | Acquired Mattviviwu's Almanac of the Grisly Tundra
131818 | Pan      | Acquired the ring of the Death Scarab {rElec rF+ Will+
                  | Slay-3 SInv}
132088 | Pan      | Found Baeguwni's Quality Elixirs.
132089 | Pan      | Found an opulent altar of Gozag.
132180 | Pan      | Found an opulent altar of Gozag.
132186 | Pan      | Bought a potion of invisibility for 104 gold pieces
132186 | Pan      | Bought a potion of mutation for 104 gold pieces
132186 | Pan      | Bought a potion of heal wounds for 65 gold pieces
132186 | Pan      | Bought a potion of cancellation for 104 gold pieces
132186 | Pan      | Bought a potion of magic for 104 gold pieces
132186 | Pan      | Bought a potion of invisibility for 104 gold pieces
132186 | Pan      | Bought a potion of magic for 104 gold pieces
132186 | Pan      | Bought a potion of invisibility for 104 gold pieces
132208 | Pan      | Found Baeguwni's Exquisite Manuscripts.
132330 | Pan      | Noticed Baeguwni the pandemonium lord
132338 | Pan      | Killed Baeguwni the pandemonium lord
132599 | Pan      | Noticed a dread lich
132603 | Pan      | Killed a dread lich
132614 | Pan      | Found an opulent altar of Gozag.
132619 | Pan      | Gained mutation: You passively map a small area around you.
                  | [hidden potential]
132897 | Pan      | Found Baeguwni's Assorted Sundries.
132907 | Pan      | Bought a potion of resistance for 120 gold pieces
132907 | Pan      | Bought 2 potions of ambrosia for 192 gold pieces
132907 | Pan      | Bought a wand of quicksilver (8) for 403 gold pieces
132933 | Pan      | Found Baeguwni's Rarities Inventory.
132940 | Pan      | Bought a scroll of fog for 48 gold pieces
132940 | Pan      | Bought a scroll of fog for 48 gold pieces
132940 | Pan      | Bought a scroll of silence for 114 gold pieces
132940 | Pan      | Bought 2 scrolls of fog for 96 gold pieces
132940 | Pan      | Bought a scroll of teleportation for 36 gold pieces
132940 | Pan      | Bought a scroll of silence for 114 gold pieces
132940 | Pan      | Bought a scroll of enchant armour for 90 gold pieces
132940 | Pan      | Bought a scroll of amnesia for 48 gold pieces
133646 | Pan      | Found an exit through the horrors of the Abyss.
134484 | Pan      | Entered the realm of Cerebov.
134639 | Pan      | Found an exit through the horrors of the Abyss.
135547 | Pan      | Identified the ring "Bin Risy" {*Corrode rC+++ rN+ MP+9
                  | AC+4}
135556 | Pan      | Identified the +6 spear "Tiast" {protect, rN+ Int+5}
135708 | Pan      | Found the +6 sword of Cerebov {flame}
135708 | Pan      | Noticed Cerebov
135742 | Pan      | Killed Cerebov
136080 | Pan      | Identified the ring "Enloqeqe" {Ice rN+ Will+ Str-2}
136086 | Pan      | Identified the ring "Canegebu" {AC+4 Str+3 Stlth-}
136109 | Pan      | Got a fiery rune of Zot
136903 | Pan      | Reached skill level 15 in Dodging
137066 | Pan      | Noticed Haosab the pandemonium lord
137070 | Pan      | Killed Haosab the pandemonium lord
137105 | Depths:2 | Escaped Pandemonium
137115 | Pan      | Entered Pandemonium
137171 | Pan      | Found an exit through the horrors of the Abyss.
137205 | Pan      | Gained mutation: Your muscles are strong. (Str +4, Int/Dex
                  | -1) [hidden potential]
137205 | Pan      | Lost mutation: You have hidden genetic potential. [hidden
                  | potential expressed]
137592 | Pan      | Found a transporter.
137608 | Pan      | Identified the +11 arbalest of the Realm of Zot {heavy,
                  | rElec rC+++ Will- Dex+4}
137701 | Pan      | Found a transporter.
137899 | Pan      | Identified the ring of Dojifir {rF+ Str-2 Int+7}
138116 | Pan      | Identified the ring of Qaem {rF+ rCorr Int-2 Dex+6}
138294 | Pan      | Found an exit through the horrors of the Abyss.
139315 | Pan      | Noticed Weohoeri the pandemonium lord
139320 | Pan      | Killed Weohoeri the pandemonium lord
139631 | Pan      | Entered the realm of Lom Lobon.
140480 | Pan      | Learned a level 6 spell: Plasma Beam
140823 | Pan      | Reached skill level 1 in Air Magic
141428 | Pan      | Noticed Lom Lobon
141442 | Pan      | Killed Lom Lobon
141443 | Pan      | Reached skill level 10 in Fire Magic
141821 | Pan      | Got a magical rune of Zot
142239 | Pan      | Reached skill level 5 in Air Magic
142579 | Pan      | Noticed Riomeqeo the pandemonium lord
142583 | Pan      | Killed Riomeqeo the pandemonium lord
142691 | Pan      | Identified the +2 crystal plate armour of Xom's Fury {rElec
                  | rC+ Int+3 Stlth-}
142701 | Pan      | Gained mutation: You are clumsy. (Dex -2) [a cacodemon]
142918 | Pan      | Found an exit through the horrors of the Abyss.
143145 | Pan      | Found a burning altar of Makhleb.
144287 | Pan      | Noticed Penlur the pandemonium lord
144295 | Pan      | Killed Penlur the pandemonium lord
145202 | Pan      | Reached skill level 15 in Stealth
145442 | Pan      | Noticed Jecihuh the pandemonium lord
145453 | Pan      | Killed Jecihuh the pandemonium lord
146444 | Pan      | Identified the +11 long sword of the Ancients {flame, rPois
                  | rCorr Int+3 Dex+3}
146572 | Pan      | Entered the realm of Gloorx Vloq.
148751 | Pan      | Noticed Gloorx Vloq
148759 | Pan      | Killed Gloorx Vloq
148875 | Pan      | Got a dark rune of Zot
149229 | Pan      | Identified the +2 falchion of Distant Worlds {heavy, Will+
                  | rCorr Str+4 SInv}
149297 | Pan      | Noticed Pinam the pandemonium lord
149309 | Pan      | Killed Pinam the pandemonium lord
149937 | Pan      | Found an exit through the horrors of the Abyss.
150901 | Depths:2 | Escaped Pandemonium
150903 | Depths:2 | Lost mutation: You are mostly covered in iridescent scales.
                  | (AC +4) [potion of mutation]
150903 | Depths:2 | Lost mutation: You frequently scream uncontrollably at your
                  | foes. [potion of mutation]
150903 | Depths:2 | Gained mutation: Potions cannot restore your health.
                  | [potion of mutation]
150903 | Depths:2 | Gained mutation: You are covered in fur. (AC +1) [potion of
                  | mutation]
150904 | Depths:2 | Lost mutation: Your muscles are strong. (Str +4, Int/Dex
                  | -1) [potion of mutation]
150904 | Depths:2 | Lost mutation: You occasionally shout uncontrollably at
                  | your foes. [potion of mutation]
150904 | Depths:2 | Lost mutation: You are strong-willed. (Will+) [potion of
                  | mutation]
150904 | Depths:2 | Lost mutation: Potions cannot restore your health. [potion
                  | of mutation]
151389 | Tomb:1   | Entered Level 1 of the Tomb of the Ancients
152519 | Tomb:1   | Lost mutation: You are covered in fur. (AC +1) [potion of
                  | mutation]
152519 | Tomb:1   | Lost mutation: Armour fits poorly on your strangely shaped
                  | body. [potion of mutation]
152519 | Tomb:1   | Gained mutation: Your mind is acute. (Int +4, Str/Dex -1)
                  | [potion of mutation]
152519 | Tomb:1   | Lost mutation: You have a pair of antennae on your head.
                  | [potion of mutation]
152698 | Tomb:1   | Noticed a royal mummy
152701 | Tomb:1   | Killed a royal mummy
152704 | Tomb:1   | Noticed a royal mummy
152706 | Tomb:1   | Noticed a royal mummy
152707 | Tomb:1   | Noticed a royal mummy
152709 | Tomb:1   | Noticed a royal mummy
152711 | Tomb:1   | Killed a royal mummy
152713 | Tomb:1   | Killed a royal mummy
153097 | Tomb:1   | Killed a royal mummy
153215 | Tomb:1   | Noticed a royal mummy
153220 | Tomb:1   | Killed a royal mummy
153306 | Tomb:1   | Noticed a royal mummy
153311 | Tomb:1   | Killed a royal mummy
153423 | Tomb:1   | Noticed a royal mummy
153424 | Tomb:1   | Noticed a royal mummy
153425 | Tomb:1   | Noticed a royal mummy
153427 | Tomb:1   | Killed a royal mummy
153427 | Tomb:1   | Noticed a royal mummy
153428 | Tomb:1   | Killed a royal mummy
153429 | Tomb:1   | Killed a royal mummy
153429 | Tomb:1   | Noticed a royal mummy
153433 | Tomb:1   | Killed a royal mummy
153461 | Tomb:1   | Killed a royal mummy
153709 | Tomb:1   | Noticed a royal mummy
153712 | Tomb:1   | Killed a royal mummy
153833 | Tomb:1   | Noticed a royal mummy
153836 | Tomb:1   | Killed a royal mummy
154020 | Tomb:1   | Killed a royal mummy
154074 | Tomb:2   | Noticed a royal mummy
154074 | Tomb:2   | Noticed a royal mummy
154074 | Tomb:2   | Noticed a royal mummy
154074 | Tomb:2   | Noticed a royal mummy
154077 | Tomb:2   | Killed a royal mummy
154078 | Tomb:2   | Killed a royal mummy
154079 | Tomb:2   | Killed a royal mummy
154079 | Tomb:2   | Killed a royal mummy
154079 | Tomb:2   | HP: 4/188 [something (16)]
154079 | Tomb:2   | Killed by a royal mummy's death curse

Illustrated notes

Levels and vault maps discovered:
D:1:      arrival_aquarium_a, layout_basic, serial_shops,
          nicolae_shop_dealshenge, nicolae_shop_pleasant_corner_grove,
          nicolae_shop_temple_entry_statues_fountains,
          nicolae_concentric_dashed_squares_mild
D:2:      layout_basic, roderic_serpentine_path, grunt_ministairs_7
D:3:      layout_loops_corners
D:4:      layout_cave_pools, nicolae_vehumet_radiance, makhleb_heckhound_becter,
          chequers_temple_overflow_statue_of_worship, minmay_misc_feat_room
D:5:      layout_cave_pools, good_gods_mini_temple, minmay_small_thing
D:6:      layout_layer_cave, regret_index_kikubaaqudgha_part_by_part,
          st_stairs_13, uniq_eustachio, uniq_blork_the_orc
D:7:      layout_loops_ring, minmay_temple_entry_wispy, uniq_pikel,
          uniq_duvessa, uniq_joseph
D:8:      layout_basic, nicolae_ru_awakened_eye
D:9:      layout_roguey, mainiacjoe_overflow_alcove_4
D:10:     layout_layer_cave, kennysheep_okawaru_gauntlet,
          erik_lair_orcish_takeover,
          ploomutoo_gammafunk_ghost_potion_laboratory, minmay_misc_feat_tower,
          nicolae_specific_store, hangedman_decor_lopped
D:11:     minmay_chambers_of_sevens, layout_gridville, orc_david_3
D:12:     layout_cross, led_sif_book, uniq_rupert
D:13:     layout_roguey [special_room_bee], hellmonk_vaults_order_and_chaos,
          chequers_serial_rivers_room_a, chequers_jeans,
          nicolae_wooded_promenade, nicolae_gozag_seed_capital, uniq_frances,
          uniq_nessos, uniq_erolcha
D:14:     layout_loops_corners, minmay_misc_feat_rugged, trog_ov_bears_minmay
D:15:     grunt_enter_depths_snipers, layout_cave_pools, palyth_stone_intersect,
          uniq_kirke, uniq_jorgrun
Temple:   jpeg_temple_alley_garden
Lair:1:   layout_regular_city, grunt_megastairs_4, serial_bayou_shore_a,
          uniq_amaemon, uniq_nergalle
Lair:2:   layout_roguey, spider_nest_entry_webs, serial_bayou_pond_e
Lair:3:   layout_layer_cave, mainiacjoe_shoals_entry_four_pools,
          gauntlet_entry_generic, grunt_megastairs_3, uniq_snorg
Lair:4:   layout_layer_cave, dpeg_slime_entry_enclosed,
          grunt_forest_large_clearings
Lair:5:   hangedman_lair_caniforms_friends, layout_long_grid, pond,
          grunt_megastairs_1
Shoals:1: layout_shoals, nicolae_shoals_wave_tunnel
Shoals:2: layout_shoals, nicolae_shoals_secluded_bog
Shoals:3: layout_shoals, uniq_bai_suzhen
Shoals:4: shoals_end_hangedman, layout_shoals
Spider:1: layout_spider_delve, nicolae_spider_undead_wolf_pack, uniq_donald
Spider:2: layout_spider_delve
Spider:3: layout_spider_delve, nicolae_spider_spiderdrome
Spider:4: grunt_spider_rune_island, nicolae_spider_bzzzt
Slime:1:  layout_caves, cheibrodos_slime_lost_civilization_7
Slime:2:  layout_caves
Slime:3:  layout_caves, basic_altar, nicolae_slime_rock_hall_of_fame
Slime:4:  layout_caves
Slime:5:  slime_pit_nicolae_inversion
Orc:1:    layout_diamond_mine, nicolae_shop_self_help
Orc:2:    grunt_orc_cross, layout_diamond_mine, nicolae_orc_minecarts
Elf:1:    nicolae_elf_arrival_no_cutting_in_line, layout_loops_cross,
          serial_shops, nicolae_lakefront_shop, nicolae_elf_shapeshifter_party,
          wad_floor_pattern_2, library_closet, nicolae_twisting_strands,
          hangedman_elf_targeted_burst
Elf:2:    nicolae_elf_blades_splatter_lattice [nooodl_blade_entry_preview],
          layout_geoelf_octagon, nicolae_twisty_statue_hallways
Elf:3:    minmay_elf_hall_statues, layout_geoelf_octagon,
          ebering_ghost_disaster_area, lemuel_statue_altar
Vaults:1: nzn_ghost_randoct, v_misc_30, v_rooms_4, nicolae_vaults_tetromino_Z_1,
          v_misc_18, v_pattern_3, nicolae_vaults_six-pack,
          nicolae_vaults_diagonal_hallway_7, nicolae_vaults_storage_closets_2,
          nicolae_vaults_tetromino_L_1, layout_vaults_quadrants,
          nicolae_trove_entry_free_sample, uniq_aizul, uniq_nikola
Vaults:2: nicolae_vaults_big_ls, vaults_room_large_hall, v_alt_pattern_6,
          nicolae_vaults_shipping_containers_5, vaults_dpeg_spiral,
          ontoclasm_vaults_spin, ontoclasm_vaults_decontamination,
          vaults_standard_mumra_x, nicolae_vaults_yaktaur_gun_rack,
          nicolae_vaults_tetromino_L_1, nicolae_vaults_little_squares_4,
          nicolae_vaults_bisected_slash, dpeg_vaults_monster_box,
          vaults_dpeg_emergency_exit, layout_vaults_omnicross, uniq_asterion,
          uniq_sojobo, uniq_xtahua
Vaults:3: nicolae_vaults_storage_closets_1,
          nicolae_vaults_offset_grid_hallway_2, minmay_crypt_entry_simple_plaza,
          nicolae_vaults_tangram_1, nicolae_vaults_windows_and_doors_thing,
          vaults_room_grunt_arrival_ludios, nicolae_vaults_tetromino_Z_1,
          nicolae_vaults_house_3, ontoclasm_vaults_ligature,
          nicolae_vaults_border_crossing, nicolae_vaults_tetromino_Z_2,
          layout_vaults_big_room
Vaults:4: st_octagons_2, v_misc_9, nicolae_vaults_six-pack,
          nicolae_vaults_apartment_2, nicolae_vaults_doubleplus_tesselated,
          nicolae_vaults_network_quinsquares
          [nicolae_vaults_network_quincunx_subvault,
          nicolae_vaults_network_quincunx_subvault,
          nicolae_vaults_network_quincunx_subvault,
          nicolae_vaults_network_quincunx_subvault],
          nicolae_vaults_trapezoid_lopsided_2, minmay_orc_keep,
          hangedman_vaults_maws, grunt_vaults_bifocal, v_misc_19, v_misc_23,
          v_alt_pattern_1, layout_vaults_maze_bifur
Vaults:5
Crypt:1:  layout_misc_corridors, uniq_margery
Crypt:2:  layout_chaotic_city, lemuel_upstairs_altar
Crypt:3:  due_elkab, layout_chaotic_city
Tomb:1
Tomb:2
Depths:1: layout_gridville, enter_ziggurat_a, nicolae_figureground_pulse,
          hell_entry, minmay_misc_feat_pillars, grunt_absolute_annihilation
Depths:2: minmay_the_grid_triangle_9x9_rhombus_full_mashed
          [minmay_the_grid_triangle_9x9_alien,
          minmay_the_grid_triangle_9x9_zippers_horizontal,
          minmay_the_grid_triangle_9x9_impossible_snake,
          minmay_the_grid_triangle_9x9_descending_squares,
          minmay_the_grid_triangle_9x9_pentomino_pain,
          minmay_the_grid_triangle_9x9_corrupted_corridor,
          minmay_the_grid_triangle_9x9_checkered,
          minmay_the_grid_triangle_9x9_prize_top_heavy], layout_gridville,
          grunt_metal_band, grunt_pan_entry_sceptre, minivault_1, uniq_vv,
          uniq_mara, uniq_josephina
Depths:3: kennysheep_spiral_hall, layout_gridville, hangedman_abyss_entry_splay,
          grunt_pan_entry_spiral, hell_entry, argonaut_fire_from_heaven
Depths:4: evilmike_zot_entry_basic, layout_cave_pools,
          grunt_hell_entry_dis_grunt, hangedman_abyss_or_decor_slice,
          abyss_entry, kilobyte_rumbling_trees
Hell
Dis:1:    layout_subdivisions
Dis:2:    layout_gridville, nicolae_hells_seeping_fissure
Dis:3:    layout_jigsaw
Dis:4:    layout_regular_city
Dis:5:    layout_gridville
Dis:6:    layout_subdivisions
Dis:7:    iron_city_of_dis [dis_mu, dis_wall_5], layout_gridville,
          nicolae_dis_distal_crystal
Geh:1:    layout_gehenna_lava_caves
Geh:2:    layout_gehenna_lava_caves, nicolae_geh_lava_shack
Geh:3:    layout_gehenna_pools_box
Geh:4:    layout_gehenna_pools_triple
Geh:5:    layout_gehenna_pools_basic
Geh:6:    layout_gehenna_pools_triple, nicolae_geh_niches_of_the_damned
Geh:7:    geh_grunt_pentagon
Coc:1:    layout_ice_bergs
Coc:2:    layout_ice_bergs
Coc:3:    layout_ice_bergs
Coc:4:    nicolae_coc_cocytus_crossing, layout_ice_bergs
Coc:5:    layout_cocytus_water_paths
Coc:6:    layout_ice_bergs
Coc:7:    coc_grunt_cove [coc_grunt_cove_antaeus, coc_grunt_cove_fiend,
          coc_grunt_cove_fiend, coc_grunt_cove_fiend, coc_grunt_cove_fiend]
Tar:1:    layout_catacombs
Tar:2:    layout_cathedral_of_symmetry
Tar:3:    layout_cathedral_of_symmetry, nicolae_hells_seeping_fissure
Tar:4:    layout_grid_maze
Tar:5:    layout_grid_maze
Tar:6:    layout_honeycomb
Tar:7:    tar_mu [tar_mu_maze]
Zot:1:    layout_gridlike
Zot:2:    layout_gridville, regret_index_zotdec_iron_s
Zot:3:    grunt_twist_and_shout, layout_concentric_octagons
Zot:4:    layout_gridlike
Zot:5:    layout_gridville, skrybe_zot_glass_1

Skill      XL: |  1  2  3  4  5  6  7  8  9 10 11 12 13 14 15 16 17 18 19 20 21 22 23 24 25 26 27 |
---------------+----------------------------------------------------------------------------------+-----
Earth Magic    | 4 5 6 7 8 9 12 15 16 18 20 21 22 23 25 27 | 27.0
Conjurations   | 2 3 4 6 8 10 15 16 23 | 23.2
Shields        | 1 3 5 7 10 11 12 14 15 21 | 21.0
Spellcasting   | 4 6 8 10 11 13 15 16 23 | 23.0
Fighting       | 4 6 8 10 12 16 23 | 23.0
Dodging        | 3 4 6 8 17 | 17.0
Armour         | 4 10 11 12 15 20 | 20.0
Alchemy        | 4 6 7 8 |  8.0
Maces & Flails | 4 5 9 |  9.6
Evocations     | 4 7 8 13 14 18 | 18.0
Translocations | 4 |  4.0
Staves         | 1 6 9 11 | 11.4
Hexes          | 6 8 |  8.0
Stealth        | 6 8 19 | 19.3
Summonings     | 3 12 | 12.0
Ice Magic      | 27 | 27.0
Fire Magic     | 11 | 11.6
Throwing       | 14 | 14.0
Air Magic      | 5 |  5.0

Action                     |  1- 3 |  4- 6 |  7- 9 | 10-12 | 13-15 | 16-18 | 19-21 | 22-24 | 25-27 || total
---------------------------+-------+-------+-------+-------+-------+-------+-------+-------+-------++-------
  Melee: Unarmed           |     6 |       |       |       |       |       |       |       |       ||     6
         Short sword       |     6 |       |       |       |       |       |       |       |       ||     6
         Dagger            |       |     8 |     2 |     8 |       |       |       |       |       ||    18
         Whip              |       |       |       |     4 |   147 |    59 |       |       |       ||   210
         Staff             |       |       |       |       |     9 |    43 |    90 |    16 |   580 ||   738
         Morningstar       |       |       |       |       |       |       |       |    18 |       ||    18
         Demon whip        |       |       |       |       |       |       |       |       |   216 ||   216
  Throw: Dart              |       |     1 |    10 |    14 |    34 |    15 |     4 |     1 |       ||    79
   Cast: Sandblast         |    58 |    62 |   110 |   335 |   305 |   267 |    91 |   121 |   130 ||  1479
         Stone Arrow       |       |       |     4 |    12 |   360 |   251 |    99 |    79 |    76 ||   881
         Brom's Barrelling |       |       |     3 |    40 |    11 |       |       |       |       ||    54
         Petrify           |       |       |       |     5 |    14 |     6 |     2 |     1 |       ||    28
         Bombard           |       |       |       |       |    74 |   150 |   291 |   244 |  2150 ||  2909
         Animate Armour    |       |       |       |       |     7 |     9 |     5 |     1 |     4 ||    26
         Lee's Rapid Decon |       |       |       |       |     5 |   126 |   112 |    72 |   636 ||   951
         Iskenderun's Myst |       |       |       |       |       |    22 |     8 |    10 |    13 ||    53
         Irradiate         |       |       |       |       |       |       |     6 |     4 |    23 ||    33
         Shatter           |       |       |       |       |       |       |    20 |    31 |    71 ||   122
         Yara's Violent Un |       |       |       |       |       |       |     6 |    15 |    67 ||    88
         Spellforged Servi |       |       |       |       |       |       |       |       |   159 ||   159
         Polar Vortex      |       |       |       |       |       |       |       |       |    45 ||    45
         Freezing Cloud    |       |       |       |       |       |       |       |       |    22 ||    22
         Starburst         |       |       |       |       |       |       |       |       |    14 ||    14
         Plasma Beam       |       |       |       |       |       |       |       |       |     8 ||     8
         Ozocubu's Refrige |       |       |       |       |       |       |       |       |     2 ||     2
         Blink             |       |       |       |       |       |       |       |       |     1 ||     1
Ability: Evoke Blink       |       |       |       |     2 |     1 |     6 |     1 |       |       ||    10
  Evoke: Wand              |       |       |       |       |       |     2 |       |       |    10 ||    12
         Phial of floods   |       |       |       |       |       |       |     1 |       |     1 ||     2
         Box of beasts     |       |       |       |       |       |       |       |       |     2 ||     2
    Use: Potion            |     1 |       |     1 |     1 |     2 |     5 |     7 |     1 |    29 ||    47
         Scroll            |     2 |     2 |     1 |    13 |    11 |     7 |     9 |     6 |    37 ||    88
   Stab: Sleeping          |       |     5 |     2 |       |       |       |       |       |       ||     7
         Petrified         |       |       |       |       |    29 |    24 |       |       |       ||    53
         Distracted        |       |       |       |       |       |       |       |       |    13 ||    13
 Armour: Robe              |    21 |    11 |    38 |   217 |    72 |       |       |       |       ||   359
         Swamp dragon scal |       |       |       |       |   209 |   381 |     3 |       |       ||   593
         Quicksilver drago |       |       |       |       |       |       |   294 |       |       ||   294
         Fire dragon scale |       |       |       |       |       |       |     1 |   194 |   918 ||  1113
  Dodge: Dodged            |    28 |     5 |    34 |   136 |   127 |   113 |    74 |    44 |   287 ||   848
  Block: Buckler           |       |       |     8 |    44 |    23 |       |       |       |       ||    75
         Kite shield       |       |       |       |       |   205 |       |       |       |       ||   205
         Reflection        |       |       |       |       |    37 |    86 |    51 |     8 |   106 ||   288
         Tower shield      |       |       |       |       |    56 |   468 |   316 |   209 |  1656 ||  2705
